 Dungeon Crawl Stone Soup version 0.23-a0-8-gb809bb7 (webtiles) character file.

1142932 Gorice the Acrobat (level 27, 0/206 (207) HPs)
             Began as a Demonspawn Wanderer on July 13, 2018.
             Was the Champion of Okawaru.
             Killed from afar by a hellion (26 damage)
             ... with damnation
             ... on level 5 of the Iron City of Dis on Aug 1, 2018.
             The game lasted 10:46:15 (91183 turns).

Gorice the Acrobat (Demonspawn Wanderer)           Turns: 91183, Time: 10:46:16

HP:   0/206 (207)   AC: 49    Str: 23    XL:     27
MP:   0/39          EV: 21    Int: 21    God:    Okawaru [******]
Gold: 11527         SH:  0    Dex: 26    Spells: 19/51 levels left

rFire    . . .     SeeInvis .   b - +6 arbalest "Damnation" {damnation}
rCold    + + +     Gourm    .   (shield currently unavailable)
rNeg     + . .     Faith    .   w - +13 crystal plate armour of Fanaticism {Str+2 Int+3 Dex-3}
rPois    +         Spirit   +   (helmet restricted)
rElec    .         Reflect  .   T - +2 cloak {MR+}
rCorr    .         Harm     .   (gloves unavailable)
MR       +++..     Rnd*Tele +   R - +2 pair of boots {run}
Stlth    ..........             c - amulet of Zin's Delight {rPois rC++ Regen+ Dex+5}
HPRegen  0.84/turn              A - ring of Contentment {rN+ Dex+5 Stlth+}
MPRegen  0.52/turn              z - +5 ring of slaying

@: portal projectile, quick
A: beak, claws 3, thin skeletal structure 3, agile 1, blurry vision 2, cold
resistance 1, deterioration 1, dopey 1, frail 1, passive freeze, sense
surroundings 2, spiny 3, teleportitis 1, magic shield, magic regeneration, magic
link, freezing cloud immunity, subdued magic 2
}: 11/15 runes: barnacled, slimy, silver, icy, abyssal, demonic, glowing,
magical, fiery, dark, gossamer
a: Heroism, Finesse, Renounce Religion, Cancel Portal Projectile


You were on level 5 of the Iron City of Dis.
You worshipped Okawaru.
Okawaru was exalted by your worship.
You were hungry.

You visited 14 branches of the dungeon, and saw 66 of its levels.
You visited Pandemonium 2 times, and saw 21 of its levels.
You visited the Abyss 4 times.
You visited 1 bazaar.
You also visited: Ossuary, Bailey and Ice Cave.

You collected 15195 gold pieces.
You spent 3668 gold pieces at shops.

Inventory:

Hand Weapons
 b - the +6 arbalest "Damnation" (weapon) {damnation}
   (You found it on level 2 of the Lair of Beasts)
 B - a +10 blowgun
 X - a +2 arbalest of freezing
   (Okawaru gifted it to you on level 1 of the Iron City of Dis)
Missiles
 j - 1505 bolts (quivered)
 l - 47 curare-tipped needles
 Z - 11 throwing nets {!f}
Armour
 e - a +1 pair of boots of flying
   (Okawaru gifted it to you on level 5 of the Iron City of Dis)
 w - the +13 crystal plate armour of Fanaticism (worn) {Str+2 Int+3 Dex-3}
   (Okawaru gifted it to you in Pandemonium)

   It affects your strength (+2).
   It affects your intelligence (+3).
   It affects your dexterity (-3).
 R - a +2 pair of boots of running (worn)
   (Okawaru gifted it to you on level 4 of the Lair of Beasts)
 T - a +2 cloak of magic resistance (worn)
   (You found it on level 6 of the Lair of Beasts)
Jewellery
 c - the amulet of Zin's Delight (around neck) {rPois rC++ Regen+ Dex+5}
   (You found it on level 15 of the Dungeon)

   [amulet of regeneration]

   It affects your dexterity (+5).
   It greatly protects you from cold.
   It protects you from poison.
   It increases your rate of regeneration.
 i - the ring of Qampol {rC- EV+4 Str+4 Dex+6 SInv}
   (You found it on level 7 of Cocytus)

   [ring of evasion]

   It affects your evasion (+4).
   It affects your strength (+4).
   It affects your dexterity (+6).
   It makes you vulnerable to cold.
   It lets you see invisible.
 m - the ring "Cumu" {rElec rF+ rC+ MR+}
   (You took it off a deep elf mage on level 3 of the Elven Halls)

   [ring of protection from magic]

   It protects you from fire.
   It protects you from cold.
   It insulates you from electricity.
   It affects your resistance to hostile enchantments.
 z - a +5 ring of slaying (right claw)
 A - the ring of Contentment (left claw) {rN+ Dex+5 Stlth+}
   (You found it in Pandemonium)

   [ring of positive energy]

   It affects your dexterity (+5).
   It protects you from negative energy.
   It makes you more stealthy.
 F - an uncursed ring of flight
Wands
 k - a wand of digging (21)
 D - a wand of paralysis (53)
 G - a wand of scattershot (9)
 H - a wand of acid (62)
Scrolls
 d - 27 scrolls of teleportation {!r}
 g - 12 scrolls of blinking
 o - 13 scrolls of fear {!r}
 v - 9 scrolls of fog
 C - 4 scrolls of summoning {!r}
 I - 27 scrolls of remove curse
 N - 5 scrolls of magic mapping {!r}
 V - 19 scrolls of identify
Potions
 h - 5 potions of brilliance {!q}
 n - 10 potions of heal wounds {!q}
 p - 2 potions of berserk rage
 q - 7 potions of might {!q}
 r - 14 potions of curing
 u - 7 potions of haste {!q}
 x - 9 potions of agility {!q}
 y - 8 potions of magic {!q}
 L - 4 potions of resistance {!q}
 Q - 5 potions of invisibility {!q}
 S - 6 potions of cancellation {!q}
Miscellaneous
 t - 6 boxes of beasts
 M - 6 sacks of spiders
 W - a phantom mirror
Comestibles
 a - a chunk of flesh
 O - 117 rations


   Skills:
 - Level 22.0 Fighting
   Level 1.7 Maces & Flails
 - Level 13.0 Crossbows
 - Level 22.0 Armour
 - Level 22.1 Dodging
 - Level 1.0 Stealth
 - Level 22.0 Unarmed Combat
 + Level 12.9 Spellcasting
 - Level 11.0 Hexes
 - Level 6.0 Charms
 - Level 18.0 Summonings
 - Level 13.0 Necromancy
 - Level 11.0 Translocations
 - Level 12.1 Transmutations
 * Level 9.5 Earth Magic
   Level 2.0 Poison Magic
 - Level 12.0 Invocations
 - Level 17.0 Evocations


You had 19 spell levels left.
You knew the following spells:

 Your Spells              Type           Power        Failure   Level  Hunger
d - Dispel Undead         Necr           #####...     6%          5    ####...
p - Portal Projectile     Hex/Tloc       #####.       1%          3    None
s - Statue Form           Tmut/Erth      #####....    69%         6    #####..
v - Summon Mana Viper     Hex/Summ       #####...     2%          5    ####...
A - Apportation           Tloc           #####.       1%          1    None
B - Summon Butterflies    Summ           ######..     0%          1    None
C - Shadow Creatures      Summ           N/A          4%          6    #####..
J - Blink                 Tloc           N/A          1%          2    None
R - Regeneration          Chrm/Necr      ####......   2%          3    None

Your spell library contained the following spells:

 Spells                   Type           Power        Failure   Level  Hunger
 Cause Fear               Hex            #####.....   4%          4    None
 Magic Dart               Conj           #...         47%         1    None
 Fireball                 Conj/Fire      #.........   100%        5    ####...
 Conjure Flame            Conj/Fire      #.......     87%         3    None
 Bolt of Fire             Conj/Fire      #.........   100%        6    #####..
 Bolt of Cold             Conj/Ice       #.........   100%        6    #####..
 Lightning Bolt           Conj/Air       #.........   100%        5    ####...
 Bolt of Magma            Conj/Fire/Erth ###.......   99%         5    ####...
 Slow                     Hex            #####...     1%          2    None
 Confuse                  Hex            #####...     1%          3    None
 Invisibility             Hex            #####...     67%         6    #####..
 Throw Flame              Conj/Fire      #.....       63%         2    None
 Controlled Blink         Tloc           N/A          100%        8    #######
 Freezing Cloud           Conj/Ice/Air   #.........   100%        6    #####..
 Mephitic Cloud           Conj/Pois/Air  ##......     78%         3    None
 Ring of Flames           Chrm/Fire      ###.......   100%        7    #######
 Venom Bolt               Conj/Pois      ##........   100%        5    ####...
 Olgreb's Toxic Radiance  Pois           ##......     95%         4    None
 Teleport Other           Tloc           #####...     1%          3    None
 Summon Small Mammal      Summ           ####         0%          1    None
 Bolt of Draining         Conj/Necr      ####......   73%         5    ####...
 Iskenderun's Mystic Bla  Conj           #.......     99%         4    None
 Summon Horrible Things   Summ           ######....   93%         8    #######
 Animate Dead             Necr           N/A          1%          4    None
 Pain                     Necr           ####         1%          1    None
 Animate Skeleton         Necr           N/A          1%          1    None
 Vampiric Draining        Necr           #####.....   1%          3    None
 Borgnjor's Revivificati  Necr           #####.....   100%        8    #######
 Ozocubu's Refrigeration  Ice            #.........   100%        6    #####..
 Sticky Flame             Conj/Fire      #.......     99%         4    None
 Summon Ice Beast         Ice/Summ       ####....     12%         4    None
 Call Imp                 Summ           ######..     0%          2    None
 Sting                    Conj/Pois      ##..         34%         1    None
 Sublimation of Blood     Necr           #####.....   1%          2    None
 Tukima's Dance           Hex            #####...     1%          3    None
 Summon Greater Demon     Summ           ######....   28%         7    #######
 Corpse Rot               Necr           N/A          1%          2    None
 Iron Shot                Conj/Erth      ###.......   100%        6    #####..
 Stone Arrow              Conj/Erth      ###...       22%         3    None
 Shock                    Conj/Air       #...         47%         1    None
 Swiftness                Chrm/Air       ###.....     22%         2    None
 Agony                    Necr           #####...     6%          5    ####...
 Spider Form              Tmut/Pois      ####......   8%          3    None
 Ice Form                 Ice/Tmut       ###.....     41%         4    None
 Dragon Form              Tmut           #####.....   98%         7    #######
 Airstrike                Air            #.........   99%         4    None
 Confusing Touch          Hex            #####.       1%          1    None
 Flame Tongue             Conj/Fire      #....        47%         1    None
 Passwall                 Tmut/Erth      #####...     1%          2    None
 Ignite Poison            Fire/Tmut/Pois ###.....     22%         3    None
 Call Canine Familiar     Summ           ######..     1%          3    None
 Ensorcelled Hibernation  Hex/Ice        ###...       7%          2    None
 Metabolic Englaciation   Hex/Ice        ###.......   86%         5    ####...
 Silence                  Hex/Air        ###.......   86%         5    ####...
 Shatter                  Erth           ####......   100%        9    #######
 Dispersal                Tloc           #####.....   67%         6    #####..
 Static Discharge         Conj/Air       #.......     87%         3    None
 Corona                   Hex            #####..      1%          1    None
 Lee's Rapid Deconstruct  Erth           ####......   28%         5    ####...
 Sandblast                Erth           ####..       1%          1    None
 Simulacrum               Ice/Necr       ####......   100%        6    #####..
 Excruciating Wounds      Chrm/Necr      ####......   28%         5    ####...
 Monstrous Menagerie      Summ           ######....   28%         7    #######
 Petrify                  Tmut/Erth      #####...     5%          4    None
 Passage of Golubria      Tloc           N/A          4%          4    None
 Orb of Destruction       Conj           #.........   100%        7    #######
 Malign Gateway           Summ/Tloc      #####.....   77%         7    #######
 Tornado                  Air            #.........   100%        9    #######
 Leda's Liquefaction      Hex/Erth       #####.....   7%          4    None
 Summon Hydra             Summ           ######....   28%         7    #######
 Darkness                 Hex            #####.....   67%         6    #####..
 Shroud of Golubria       Chrm/Tloc      ####......   1%          2    None
 Inner Flame              Hex/Fire       ###.....     16%         3    None
 Disjunction              Tloc           #####.....   100%        8    #######
 Iskenderun's Battlesphe  Conj/Chrm      ###.....     99%         5    ####...
 Fulminant Prism          Conj/Hex       ###.......   50%         4    None
 Dazzling Spray           Conj/Hex       ###...       16%         3    None
 Force Lance              Conj/Tloc      ###.....     50%         4    None
 Song of Slaying          Chrm           ###.....     5%          2    None
 Searing Ray              Conj           #.....       63%         2    None
 Summon Forest            Summ/Tloc      #####.....   2%          5    ####...
 Summon Guardian Golem    Hex/Summ       #####...     1%          3    None
 Dragon's Call            Summ           ######....   100%        9    #######
 Spellforged Servitor     Conj/Summ      ####......   100%        7    #######
 Hydra Form               Tmut           #####.....   50%         6    #####..
 Irradiate                Conj/Tmut      ###.......   78%         5    ####...
 Gell's Gravitas          Tloc           #####.....   1%          3    None
 Yara's Violent Unravell  Hex/Tmut       #####.....   12%         5    ####...
 Lesser Beckoning         Tloc           #####.....   1%          3    None
 Poisonous Vapours        Pois/Air       ##....       47%         2    None
 Ignition                 Fire           #.........   100%        8    #######
 Borgnjor's Vile Clutch   Necr/Erth      #####.....   13%         5    ####...


Dungeon Overview and Level Annotations

Branches:
Dungeon (15/15)            Temple (1/1) D:4            Lair (6/6) D:8
 Shoals (4/4) Lair:4       Spider (4/4) Lair:3        Slime (5/5) Lair:6
    Orc (2/2) D:9             Elf (3/3) Orc:2        Vaults (5/5) D:13
  Crypt (3/3) Vaults:2       Tomb (0/3) Crypt:3      Depths (5/5) D:15
   Hell (1/1)                 Dis (5/7) Hell            Geh (0/7) Hell
    Coc (7/7) Hell            Tar (0/7) Hell            Zot (0/5) Depths:5

Altars:
Ashenzari
Cheibriados
Dithmenos
Elyvilon
Fedhas
Gozag
Hepliaklqana
Kikubaaqudgha
Makhleb
Nemelex Xobeh
Okawaru
Qazlal
Ru
Sif Muna
Trog
Uskayaw
Vehumet
Wu Jian
Xom
Yredelemnul
Zin
The Shining One
Beogh
Jiyva

Shops:
D:10 *   D:14 *   Orc:2 (?(}   Shoals:1 [   Shoals:2 *   Vaults:3 :([[
Vaults:4 :%   Depths:1 }}!!   Depths:4 (:=   Depths:5 *

Portals:
Hell: Depths:1 Depths:2 Depths:3 Depths:4 Depths:5
Abyss: Depths:3 Depths:4
Pandemonium: Depths:1 Depths:2 Depths:3
Ziggurat: Depths:5
Trove: Depths:4 (give 20 scrolls of identify)

Annotations:
D:3 3 runed doors, Hebeh's ghost, amateur DEFE
Slime:5 Royal Jelly
Coc:7 Antaeus


Innate Abilities, Weirdness & Mutations

You have claws for hands.
You have an unnaturally thin skeletal structure. (Dex +6, Stealth++)
Your flesh is cold resistant. (rC+)
A frigid envelope surrounds you and freezes all who hurt you.
You are completely covered in sharp spines.
When hurt, damage is shared between your health and your magic reserves.
You regenerate magic rapidly.
When low on magic, you restore magic in place of health.
You are immune to freezing clouds.
You have a beak for a mouth.
You are agile. (Dex +2)
Scrolls take you longer to read.
Your body sometimes deteriorates upon taking damage.
You are dopey. (Int -2)
You are frail. (-10% HP)
You passively map the area around you.
You are occasionally teleported next to monsters.
Your spells are easier to cast, but less powerful.


Message History

The Brimstone Fiend is severely wounded.
Unknown command.
You scratch the Brimstone Fiend.
The Brimstone Fiend is severely wounded.
The Brimstone Fiend is struck by your spines.
The Brimstone Fiend hits you but does no damage.
The Brimstone Fiend is frozen!
The Brimstone Fiend is very cold.
You kill the Brimstone Fiend!
Okawaru accepts your kill.
A hell hound comes into view.
The hell hound misses you.
The hell hound is struck by your spines.
The hell hound bites you but does no damage.
The hell hound is frozen!
The hell hound is very cold.
You kill the hell hound!
Okawaru accepts your kill.
You are no longer corroded.
The hell hound barks!
A hellion opens the door.
An ettin zombie comes into view.
You see here a hell hound corpse.
You miss the hell hound. You claw the hell hound!!
The hell hound is severely wounded.
The hell hound breathes flames at you. The blast of flame hits you!
You eviscerate the hell hound!!!
You kill the hell hound!
Okawaru accepts your kill.
You see here a hell hound corpse.
b - the +6 arbalest "Damnation" (weapon)
{damnation}
Casting: Regeneration (safe; 2% risk of failure)
Confirm with . or Enter, or press ? or * to list all spells.
You begin teleporting projectiles to their destination.
The hellion gestures at you.
The sphere of damnation explodes!
The damnation engulfs you!
* * * LOW HITPOINT WARNING * * *
An iron imp comes into view.
You hear a bark! x3
Damage: 14 (max 59) Firing (i - inventory. (/) - cycle)
j - 1506 bolts (quivered)
Press: ? - help, Shift-Dir - straight line, f - hellion
Aim: a hellion You magically shoot a damnation bolt.
The damnation bolt hits the hellion!
The hellion is moderately wounded.
The damnation bolt explodes!
The damnation engulfs the hellion.
The hellion completely resists.
The hellion is moderately wounded.
The hellion gestures at you.
The sphere of damnation explodes!
The damnation engulfs you!
You die...

.#* ................#,
, .#
+............5...# ,,,
.# , ,
................#2 ,,,
.#, ..............2.'.
.# ,
,*.........)..Z...####
* .#, ,
....................,,
,, .#
.........))......... ,
, .#
*....................
, ...
........@.†......... ,
....,
....................
,, .... ,
,....................
, ..
...########.........,
, #+** .. ,
,#......... , # * , *,
, ,#......... , , , ,,
, #.......#+ * ,*, , ,
, #.......#,,, , , ,,
, , ,,, * *


You could see a hellion, an iron imp and an ettin zombie.

Vanquished Creatures
  Cerebov (Pan)
  Antaeus (Coc:7)
  4 pandemonium lords (Pan)
  Gloorx Vloq (Pan)
  the Royal Jelly (Slime:5)
  Lom Lobon (Pan)
  Mnoleg (Pan)
  4 ancient liches
  Mara (Vaults:4)
  Mennas (Pan)
  3 juggernauts
  Sojobo (Vaults:5)
  8 shard shrikes
  Frederick (Depths:4)
  Bai Suzhen (Vaults:5)
  A caustic shrike (Depths:3)
  Geryon (Hell)
  8 golden dragons
  Nikola (Spider:4)
  11 bone dragons
  Jorgrun (Elf:2)
  8 Brimstone Fiends
  2 iron giants
  11 liches
  4 Tzitzimimeh
  22 Ice Fiends
  8 tentacled monstrosities
  Asterion (Spider:3)
  6 Hell Sentinels
  8 titans
  A deep elf master archer (Elf:3)
  A quicksilver dragon (Vaults:5)
  The ghost of Erid the Champion of Chaos, an adept DDFi of Makhleb (Vaults:2)
  21 Executioners (Pan)
  19 acid blobs
  2 deep elf blademasters
  4 eldritch tentacles
  Polyphemus (Shoals:3)
  25 tentacled starspawn
  6 ancient champions
  4 sphinxes
  A kraken (Shoals:2)
  4 shadow dragons
  The ghost of Fingolfin the Severer, an adept MiBe of Trog (Shoals:2)
  Donald (Spider:4)
  Agnes (Elf:2)
  9 storm dragons
  17 tengu reavers
  Kirke (D:12)
  A daeva (Abyss:1)
  3 revenants
  8 azure jellies
  16 fire giants
  9 deep elf sorcerers
  Louise (Depths:2)
  22 vault wardens
  A draconian scorcher (Abyss:4)
  19 frost giants
  A draconian knight (Depths:5)
  An orc warlord (Bailey)
  5 ghost moths
  5 iron dragons
  21 cacodemons
  15 balrugs
  A draconian shifter (Abyss:2)
  2 angels
  7 deep elf elementalists
  5 emperor scorpions
  4 ghouls
  6 curse skulls
  2 juggernaut zombies
  21 reapers
  19 ironheart preservers
  6 warmongers (Pan)
  A draconian stormcaller (Abyss:3)
  A caustic shrike skeleton (Depths:3)
  5 spriggan defenders
  29 very ugly things
  5 war gargoyles
  3 blood saints (Pan)
  The ghost of Mamu the Spry, a journeyman SpBe of Trog (Depths:4)
  5 draconian annihilators
  A juggernaut skeleton (Depths:3)
  14 vampire knights
  28 stone giants
  2 green draconians (Depths:5)
  4 elemental wellsprings (Coc:7)
  3 corrupters (Pan)
  An entropy weaver (Spider:3)
  10 deep elf demonologists
  4 black suns (Pan)
  Azrael (D:13)
  7 lorocyprocas
  9 spark wasps
  2 dire elephants (Lair:6)
  A black draconian (Depths:5)
  A purple draconian (Depths:5)
  A white draconian (Depths:5)
  A minotaur (shapeshifter) (Depths:3)
  5 eidola
  7 deep elf annihilators
  A yellow draconian (Depths:5)
  16 blizzard demons
  17 ettins
  4 merfolk javelineers
  11 green deaths
  9 death oozes
  7 deep elf death magi
  A crystal guardian (Vaults:5)
  A quicksilver dragon zombie (Vaults:4)
  18 merfolk impalers
  6 jiangshi
  16 fire dragons
  6 deep elf high priests
  20 yaktaur captains
  10 rakshasas
  12 great orbs of eyes
  A kraken zombie (Coc:3)
  5 hydras
  Erolcha (Orc:2)
  Harold (Orc:1)
  3 quicksilver dragon skeletons
  2 hell beasts (Depths:4)
  2 naga warriors (Abyss:2)
  24 ice dragons
  7 merfolk aquamancers
  2 death knights
  4 spriggan air magi
  9 centaur warriors
  38 vault guards
  5 monstrous demonspawn (Pan)
  3 merfolk avatars (Shoals:3)
  2 catoblepae
  5 alligator snapping turtles
  13 ogre magi
  29 dancing weapons
  31 two-headed ogres
  A satyr (Shoals:3)
  3 deep troll earth magi
  8 vampire magi
  8 deep troll shamans
  5 tengu warriors
  12 thrashing horrors
  18 death yaks
  A hell hog (Abyss:2)
  4 spriggan berserkers
  3 shock serpents (Pan)
  16 hell knights
  7 titan zombies
  An iron golem (Hell)
  An orc high priest (Orc:2)
  Sonja (Lair:1)
  13 wretched stars
  31 soul eaters
  17 deep elf knights
  34 sun demons
  3 titan skeletons
  7 iron trolls
  6 storm dragon skeletons
  21 sixfirhies
  14 shadow wraiths
  3 ghost moth zombies
  10 flayed ghosts
  6 torturous demonspawn
  A fire crab (shapeshifter) (Vaults:2)
  5 golden dragon zombies
  A spriggan druid (Depths:4)
  5 unseen horrors
  123 skeletal warriors
  A death drake (shapeshifter) (Vaults:5)
  A swamp dragon (Abyss:4)
  21 deep trolls
  A quicksilver dragon simulacrum (Coc:3)
  16 anaconda zombies
  3 spatial maelstroms
  4 infernal demonspawn (Pan)
  11 sea snakes
  9 phantasmal warriors
  3 shadow demons (Pan)
  An obsidian statue (Shoals:2)
  8 glowing orange brains
  15 orc knights
  15 ironbrand convokers
  4 wolf spider zombies
  2 lindwurms (Lair:6)
  13 deep elf archers
  2 gelid demonspawn (Pan)
  12 wizards
  7 anaconda skeletons
  5 stone giant zombies
  3 iron dragon zombies
  17 harpies
  14 necromancers
  A tengu zombie (Depths:3)
  55 deep elf magi
  3 fire giant zombies
  A mana viper (shapeshifter) (Vaults:5)
  18 orb spiders
  19 orc sorcerers
  37 wolf spiders
  10 manticores
  13 fauns
  2 shadow dragon skeletons
  6 shining eyes
  58 ugly things
  A faun (shapeshifter) (Vaults:5)
  3 worldbinders
  A tengu skeleton (Depths:1)
  5 moths of wrath
  2 iron dragon skeletons
  6 oklob plants
  7 cyclopes
  2 frost giant zombies
  14 elephants
  2 stone giant skeletons
  A black mamba (shapeshifter) (Vaults:3)
  4 fire giant skeletons
  An elephant (shapeshifter) (Vaults:2)
  2 salamanders (shapeshifter)
  12 merfolk sirens
  A shock serpent zombie (Abyss:2)
  A guardian serpent (Abyss:2)
  2 eyes of devastation
  8 black mambas
  2 frost giant skeletons
  18 rust devils
  A titan simulacrum (Vaults:4)
  Joseph (D:7)
  27 orange demons
  A water nymph (shapeshifter) (Abyss:4)
  A guardian serpent (shapeshifter) (Elf:1)
  3 dire elephant zombies
  A naga mage (D:15)
  17 vault sentinels
  3 ice statues
  6 spiny frogs
  5 torpor snails
  3 apocalypse crabs (Abyss:4)
  67 smoke demons
  7 water nymphs
  6 gargoyles
  3 kobold demonologists (Abyss:4)
  8 hellions
  A storm dragon simulacrum (Coc:3)
  4 efreet
  A minotaur zombie (Crypt:2)
  58 ice devils
  6 rime drakes
  5 komodo dragons
  79 yaktaurs
  2 catoblepas zombies
  40 freezing wraiths
  2 anaconda simulacra
  24 tormentors
  A death yak skeleton (Crypt:2)
  A spark wasp simulacrum (Depths:2)
  A golden dragon simulacrum (Coc:3)
  A silent spectre (Abyss:1)
  10 ancient zymes
  22 demonic crawlers
  A harpy zombie (Dis:5)
  A yaktaur skeleton (Vaults:4)
  25 red devils
  9 trolls
  40 hellwings
  A black draconian skeleton (Hell)
  13 hydra zombies
  4 tengu conjurers
  44 merfolk
  2 wind drakes (shapeshifter)
  24 polar bears
  A queen bee (shapeshifter) (Depths:5)
  A queen bee (Lair:1)
  36 jumping spiders
  2 wolf spider simulacra
  A shadow dragon simulacrum (Hell)
  29 raiju
  10 tyrant leeches
  2 harpy skeletons (Pan)
  15 hornets
  2 merfolk (shapeshifter)
  9 wind drakes
  92 slime creatures
  23 blink frogs
  A blink frog (shapeshifter) (Vaults:4)
  A bog body (Crypt:2)
  7 hydra skeletons
  2 fire giant simulacra
  11 hippogriffs
  3 alligator zombies
  7 dream sheep
  An iron dragon simulacrum (Coc:1)
  3 fire dragon zombies
  3 ettin zombies
  An ice dragon zombie (Coc:2)
  9 snapping turtles
  2 centaur simulacra (D:15)
  3 meliai zombies
  5 ettin skeletons
  83 redbacks
  A frost giant simulacrum (Vaults:3)
  47 tarantellas
  2 black mamba zombies
  4 fire dragon skeletons
  3 spriggans
  6 vampires
  15 shadows
  27 ynoxinuls
  2 redbacks (shapeshifter)
  2 air elementals
  10 fire elementals
  3 wyverns
  An ice dragon skeleton (Coc:7)
  A satyr skeleton (Crypt:1)
  91 starcursed masses
  16 wraiths
  49 yaks
  62 flying skulls
  38 water elementals
  4 alligator skeletons
  10 hungry ghosts
  4 golden eyes
  2 hogs (D:12)
  2 hogs (shapeshifter)
  23 neqoxecs
  2 black mamba skeletons
  56 large abominations
  A basilisk (shapeshifter) (Depths:5)
  Grum (D:9)
  9 vampire mosquitoes (D:15)
  5 basilisks
  A water nymph zombie (Crypt:2)
  10 wargs
  18 chaos spawn
  A faun zombie (Crypt:2)
  2 soldier ants
  4 swamp worms (Spider:4)
  9 spatial vortices
  3 hydra simulacra
  A merfolk zombie (Coc:4)
  15 water moccasins
  2 floating eyes (Depths:3)
  49 hell hounds
  An orb spider zombie (Crypt:1)
  An acid dragon (D:9)
  4 spiny frog zombies
  12 porcupines
  A spiny frog skeleton (Coc:7)
  16 black bears
  9 eyes of draining
  A swamp dragon zombie (Coc:1)
  20 small abominations
  A hornet zombie (D:15)
  A swamp drake (shapeshifter) (D:14)
  2 black bears (shapeshifter)
  An alligator simulacrum (Hell)
  An ettin simulacrum (Vaults:2)
  3 sky beasts
  2 snapping turtle zombies
  2 fire dragon simulacra
  19 ice beasts
  A manticore zombie (Coc:2)
  9 necrophages
  55 orc warriors
  3 human zombies
  5 phantoms
  2 tengu (shapeshifter)
  2 elf skeletons
  36 ogres
  42 wolves
  8 boggarts
  16 centaurs
  A swamp dragon skeleton (Hell)
  17 crocodiles
  5 snapping turtle skeletons
  3 big kobolds
  4 elf zombies
  A yaktaur zombie (Crypt:1)
  3 human skeletons
  16 bullfrogs
  2 wyvern zombies
  4 earth elementals
  3 spiny frog simulacra
  7 scorpions
  A manticore simulacrum (Crypt:1)
  28 killer bees
  2 elf simulacra (Vaults:3)
  A swamp dragon simulacrum (Hell)
  18 wights
  4 howler monkeys
  5 electric eels
  3 spriggan skeletons
  7 crimson imps
  A bullfrog zombie (D:8)
  5 centaur zombies
  8 jellies
  3 quasits
  3 hounds
  21 orc priests
  A black bear zombie (Crypt:1)
  5 centaur skeletons
  A bullfrog skeleton (D:5)
  4 iguanas
  13 iron imps
  Natasha (thrice) (D:2)
  49 orc wizards
  A porcupine zombie (Crypt:2)
  6 lightning spires (Abyss:4)
  9 worker ants
  Terence (D:2)
  5 wolf simulacra (Lair:2)
  2 yak simulacra (Lair:2)
  2 polar bear simulacra (Lair:2)
  2 big kobold zombies (Ossuary)
  A naga skeleton (Crypt:3)
  A hound zombie (D:8)
  2 ogre skeletons
  9 mummies
  A howler monkey zombie (D:7)
  A worker ant zombie (D:9)
  A howler monkey skeleton (D:8)
  5 adders
  4 gnolls
  A steam dragon zombie (Crypt:2)
  7 shadow imps
  29 white imps
  2 ufetubi
  2 oozes
  An adder zombie (Ossuary)
  2 worms
  10 dart slugs
  6 leopard geckos
  151 orcs
  2 ball pythons
  11 bats
  9 giant cockroaches
  7 hobgoblins
  11 jackals
  34 kobolds
  5 quokkas
  A ball python (shapeshifter) (Depths:4)
  3 frilled lizards
  A giant cockroach zombie (D:5)
  A gnoll skeleton (Crypt:1)
  14 goblins
  A goblin zombie (Ossuary)
  13 hobgoblin zombies (Ossuary)
  3 jackal zombies (Ossuary)
  7 kobold zombies (Ossuary)
  3 orc skeletons
  8 orc zombies
  5 rats
  2 river rat simulacra (Lair:2)
  A river rat skeleton (Crypt:1)
  A fungus (Lair:6)
  A lurking horror (Abyss:2)
  A plant (Lair:5)
  23 starspawn tentacles
  3 tentacles (Shoals:2)
4357 creatures vanquished.

Vanquished Creatures (collateral kills)
  An acid blob (Slime:5)
  An azure jelly (Slime:5)
  An ice statue (Coc:7)
  A starcursed mass (Abyss:3)
4 creatures vanquished.

Vanquished Creatures (others)
  A pandemonium lord (Pan)
  An elemental wellspring (Coc:3)
  A blood saint (Pan)
  A death yak (Lair:6)
  A thrashing horror (Abyss:3)
  2 skeletal warriors
  2 wolf spiders
  An elephant (Lair:6)
  A smoke demon (Crypt:3)
  A yaktaur (Vaults:1)
  A polar bear (IceCv)
  A yak (IceCv)
  A water elemental (Coc:7)
  A small abomination (Abyss:3)
  2 wights (Dis:5)
  2 ball lightnings (Pan)
  43 bushes (Depths:4)
  A demonic plant (Abyss:1)
  8 fungi
  2 lurking horrors (Abyss:4)
  23 plants
  51 starspawn tentacles
  3 tentacles (Shoals:2)
151 creatures vanquished.

Grand Total: 4512 creatures vanquished

Notes
Turn   | Place    | Note
-------+----------+-------------------------------------------
     0 | D:1      | Gorice the Demonspawn Wanderer began the quest for the Orb.
     0 | D:1      | Gorice set off with: a +0 hand crossbow, 21 bolts, a scroll of teleportation {!r}, a +0 robe, a ration
     0 | D:1      | Reached XP level 1. HP: 15/15 MP: 2/2
    95 | D:1      | Reached skill level 1 in Crossbows
   163 | D:1      | Gained mutation: You are partially covered in sharp spines. [demonic ancestry]
   163 | D:1      | Reached XP level 2. HP: 14/21 MP: 3/3
   341 | D:1      | Reached skill level 2 in Crossbows
   881 | D:2      | Reached XP level 3. HP: 24/26 MP: 4/4
   998 | D:2      | Noticed Natasha
  1000 | D:2      | Noticed Terence
  1005 | D:2      | Killed Natasha
  1005 | D:2      | Reached skill level 2 in Armour
  1010 | D:2      | Killed Terence
  1010 | D:2      | Reached skill level 3 in Crossbows
  1010 | D:2      | Reached XP level 4. HP: 25/32 MP: 5/5
  1029 | D:2      | Noticed Natasha
  1033 | D:2      | Killed Natasha
  1107 | D:2      | Noticed Natasha
  1117 | D:2      | Killed Natasha
  1129 | D:2      | Reached XP level 5. HP: 32/37 MP: 6/6
  1395 | D:3      | Found an opulent altar of Gozag.
  1677 | D:3      | Reached skill level 4 in Crossbows
  1844 | D:3      | Found a bloodstained altar of Trog.
  1879 | D:3      | Found a snail-covered altar of Cheibriados.
  1941 | D:3      | Found a sacrificial altar of Ru.
  1983 | D:3      | Found a blossoming altar of Fedhas.
  2079 | D:3      | Found a runed gate.
  2079 | D:3      | Found a runed gate.
  2079 | D:3      | Found a runed gate.
  2079 | D:3      | Noticed Hebeh's ghost (amateur DEFE)
  2174 | D:4      | Reached skill level 3 in Armour
  2239 | D:4      | Gained mutation: You have a somewhat thin skeletal structure. (Dex +2, Stealth) [demonic ancestry]
  2239 | D:4      | Reached XP level 6. HP: 41/43 MP: 7/7
  2375 | D:4      | Found a white marble altar of Elyvilon.
  2381 | D:4      | Found an iron altar of Okawaru.
  2403 | D:4      | Became a worshipper of Warmaster Okawaru
  2580 | D:4      | Reached skill level 5 in Crossbows
  2682 | D:4      | Found a sand-covered staircase.
  2687 | Ossuary  | Entered an ossuary
  2880 | Ossuary  | Gained mutation: You are mostly covered in sharp spines. [demonic ancestry]
  2880 | Ossuary  | Reached XP level 7. HP: 43/48 MP: 8/8
  2885 | Ossuary  | Reached skill level 4 in Armour
  3343 | D:4      | Found a staircase to the Ecumenical Temple.
  3360 | Temple   | Entered the Ecumenical Temple
  3639 | D:5      | Entered Level 5 of the Dungeon
  3676 | D:5      | Reached * piety under Okawaru
  3676 | D:5      | Reached skill level 6 in Crossbows
  3746 | D:5      | Found a shadowy altar of Dithmenos.
  3823 | D:5      | HP: 14/48 [ogre/giant club (2)]
  4188 | D:5      | Upgraded the game from 0.22-a0-618-gd6a3efe to 0.22-a0-619-ga0c6fd2
  4575 | D:6      | Reached skill level 7 in Crossbows
  4575 | D:6      | Gained mutation: When hurt, damage is shared between your health and your magic reserves. [demonic ancestry]
  4575 | D:6      | Reached XP level 8. HP: 54/54 MP: 9/9
  4600 | D:6      | Reached skill level 5 in Armour
  4844 | D:6      | Reached ** piety under Okawaru
  4985 | D:6      | Reached skill level 8 in Crossbows
  5505 | D:7      | Reached skill level 6 in Armour
  5578 | D:7      | Got a crystal spear {pierce}
  5579 | D:7      | Identified the +8 spear of Patience {pierce, +Inv Dex-4 Stlth+} (You took it off an orc priest on level 7 of the Dungeon)
  5795 | D:7      | Reached *** piety under Okawaru
  5795 | D:7      | Reached skill level 9 in Crossbows
  5795 | D:7      | Gained mutation: You have sharp fingernails. [demonic ancestry]
  5795 | D:7      | Reached XP level 9. HP: 49/59 MP: 8/10
  5809 | D:7      | Noticed Joseph
  5834 | D:7      | Killed Joseph
  5930 | D:7      | Reached skill level 7 in Armour
  6686 | D:7      | Reached **** piety under Okawaru
  6733 | D:8      | Reached skill level 10 in Crossbows
  6841 | D:7      | Reached skill level 2 in Fighting
  6844 | D:7      | Reached skill level 8 in Armour
  7060 | D:8      | Found a shadowy altar of Dithmenos.
  7114 | D:8      | Reached skill level 3 in Fighting
  7155 | D:8      | Found a staircase to the Lair.
  7160 | D:8      | Gained mutation: You have very sharp fingernails. [demonic ancestry]
  7160 | D:8      | Reached XP level 10. HP: 64/70 MP: 11/11
  7191 | D:8      | Noticed a two-headed ogre
  7331 | D:7      | Reached skill level 1 in Invocations
  7461 | D:7      | Reached skill level 2 in Invocations
  7496 | D:7      | Reached skill level 4 in Fighting
  7529 | D:7      | Reached ***** piety under Okawaru
  7855 | D:8      | Reached skill level 3 in Invocations
  7913 | D:8      | Found a deep blue altar of Sif Muna.
  7950 | D:8      | Found a sparkling altar of Nemelex Xobeh.
  8032 | D:8      | Killed a two-headed ogre
  8032 | D:8      | Reached skill level 9 in Armour
  8032 | D:8      | Reached skill level 4 in Invocations
  8033 | D:8      | Reached skill level 5 in Fighting
  8194 | D:8      | Noticed a two-headed ogre
  8211 | D:8      | Killed a two-headed ogre
  8211 | D:8      | Reached skill level 5 in Invocations
  8326 | Lair:1   | Entered Level 1 of the Lair of Beasts
  8336 | Lair:1   | Noticed a spiny frog
  8349 | Lair:1   | Killed a spiny frog
  8543 | Lair:1   | Received a gift from Okawaru
  8595 | Lair:1   | Found the +10 dark maul {crush}
  8688 | Lair:1   | Reached skill level 6 in Invocations
  8702 | Lair:1   | Reached skill level 6 in Fighting
  8716 | Lair:1   | Noticed an oklob plant
  8759 | Lair:1   | Received a gift from Okawaru
  8799 | Lair:1   | Noticed an oklob plant
  8809 | Lair:1   | Killed an oklob plant
  8809 | Lair:1   | Reached XP level 11. HP: 55/82 MP: 11/16
  9152 | Lair:1   | Killed an oklob plant
  9154 | Lair:1   | Noticed an oklob plant
  9200 | Lair:1   | Received a gift from Okawaru
  9200 | Lair:1   | Reached skill level 7 in Invocations
  9201 | Lair:1   | Got a twisted long sword {god gift}
  9209 | Lair:1   | Identified the +0 long sword "Lylyhaf" {venom, rC++ Dex-3} (Okawaru gifted it to you on level 1 of the Lair of Beasts)
  9280 | Lair:1   | Noticed a four-headed hydra
  9289 | Lair:1   | Killed a four-headed hydra
  9655 | Lair:1   | Noticed Sonja
  9658 | Lair:1   | Killed Sonja
  9658 | Lair:1   | Reached skill level 7 in Fighting
  9658 | Lair:1   | Reached skill level 10 in Armour
 10151 | Lair:1   | Reached skill level 8 in Invocations
 10200 | Lair:1   | HP: 25/84 [poisoned by a queen bee]
 10210 | Lair:1   | HP: 24/84 [killer bee (4)]
 10605 | Lair:1   | Killed an oklob plant
 10605 | Lair:1   | Received a gift from Okawaru
 10760 | Lair:2   | Reached ****** piety under Okawaru
 10760 | Lair:2   | Reached skill level 8 in Fighting
 10865 | Lair:2   | Received a gift from Okawaru
 11081 | Lair:2   | Noticed a necromancer
 11097 | Lair:2   | Killed a necromancer
 11097 | Lair:2   | Reached skill level 11 in Armour
 11364 | Lair:2   | Noticed an oklob plant
 11380 | Lair:2   | Reached skill level 9 in Fighting
 11674 | Lair:2   | Killed an oklob plant
 11674 | Lair:2   | Reached XP level 12. HP: 59/95 MP: 13/18
 11677 | Lair:2   | Found the +6 arbalest "Damnation" {damnation}
 12062 | Lair:2   | Received a gift from Okawaru
 12376 | Lair:3   | Received a gift from Okawaru
 12376 | Lair:3   | Reached skill level 10 in Fighting
 12377 | Lair:3   | Got a brightly glowing robe {god gift}
 12381 | Lair:3   | Found a hole to the Spider Nest.
 12922 | Lair:4   | Reached skill level 12 in Armour
 13426 | Lair:4   | Found a staircase to the Shoals.
 13859 | Lair:5   | Noticed a death yak
 13863 | Lair:5   | Noticed a death yak
 13864 | Lair:5   | Killed a death yak
 13864 | Lair:5   | Reached skill level 11 in Fighting
 13864 | Lair:5   | Noticed a death yak
 13865 | Lair:5   | Noticed a death yak
 13868 | Lair:5   | Killed a death yak
 13873 | Lair:4   | Killed a death yak
 13873 | Lair:4   | Received a gift from Okawaru
 13877 | Lair:4   | Killed a death yak
 13877 | Lair:4   | Gained mutation: You regenerate magic rapidly. [demonic ancestry]
 13877 | Lair:4   | Reached XP level 13. HP: 81/106 MP: 17/19
 13885 | Lair:4   | Identified a +2 pair of boots of running (Okawaru gifted it to you on level 4 of the Lair of Beasts)
 13885 | Lair:4   | --woah! Thanks Oka!
 14078 | Lair:5   | Reached skill level 11 in Crossbows
 14757 | Lair:6   | Entered Level 6 of the Lair of Beasts
 15059 | Lair:5   | Reached skill level 13 in Armour
 15095 | Lair:5   | HP: 26/107 [death yak (15)]
 15463 | Lair:6   | Reached skill level 12 in Fighting
 15601 | Lair:6   | Received a gift from Okawaru
 15944 | Lair:6   | Received a gift from Okawaru
 16210 | Lair:5   | Reached skill level 12 in Crossbows
 16365 | Lair:6   | Received a gift from Okawaru
 16399 | Lair:6   | Found a staircase to the Slime Pits.
 16788 | Lair:6   | Gained mutation: You have claws for hands. [demonic ancestry]
 16788 | Lair:6   | Reached XP level 14. HP: 101/116 MP: 16/20
 17065 | Lair:6   | Received a gift from Okawaru
 17607 | Lair:6   | Reached skill level 13 in Fighting
 17683 | Lair:6   | Reached skill level 14 in Armour
 18361 | D:9      | Found a staircase to the Orcish Mines.
 18426 | D:9      | Found a stormy altar of Qazlal.
 18449 | D:9      | Noticed Grum
 18488 | D:9      | Killed Grum
 19007 | D:9      | Found a transporter.
 19010 | D:9      | Found a transporter.
 19118 | D:10     | Entered Level 10 of the Dungeon
 19141 | Orc:1    | Entered Level 1 of the Orcish Mines
 19344 | Orc:1    | Found a roughly hewn altar of Beogh.
 19678 | Orc:1    | Noticed Harold
 19687 | Orc:1    | Killed Harold
 19687 | Orc:1    | Reached skill level 13 in Crossbows
 19907 | Orc:2    | Entered Level 2 of the Orcish Mines
 19925 | Orc:1    | Reached skill level 1 in Unarmed Combat
 19941 | Orc:2    | Found a staircase to the Elven Halls.
 20128 | Orc:2    | Received a gift from Okawaru
 20137 | Orc:2    | Got a slimy shield {god gift}
 20165 | Orc:2    | Identified the +4 shield of Hedging {rF+ Int+3} (Okawaru gifted it to you on level 2 of the Orcish Mines)
 21077 | Orc:2    | Reached skill level 2 in Unarmed Combat
 21123 | Orc:2    | Found Tefat's Magic Scroll Shop.
 21410 | Orc:2    | Found Weimoh's Antique Weapon Boutique.
 21482 | Orc:2    | Found an ancient bone altar of Kikubaaqudgha.
 21510 | Orc:2    | Found Min Meidil's Antique Weapon Shop.
 21534 | Orc:2    | Noticed Erolcha
 21537 | Orc:2    | Killed Erolcha
 21557 | Orc:2    | Found a radiant altar of Vehumet.
 21627 | Orc:2    | Found a roughly hewn altar of Beogh.
 21627 | Orc:2    | Found Xytyxul's Gadget Boutique.
 21631 | Orc:2    | Reached skill level 3 in Unarmed Combat
 22084 | D:10     | Found Mokhlaol's Assorted Antiques.
 22326 | D:10     | Gained mutation: You have a moderately thin skeletal structure. (Dex +4, Stealth+) [demonic ancestry]
 22326 | D:10     | Reached XP level 15. HP: 118/125 MP: 21/21
 22330 | D:10     | Reached skill level 14 in Fighting
 22963 | D:11     | Found a frozen archway.
 22970 | IceCv    | Entered an ice cave
 23403 | IceCv    | Reached skill level 15 in Fighting
 23403 | IceCv    | Gained mutation: Your flesh is cold resistant. (rC+) [demonic ancestry]
 23403 | IceCv    | Reached XP level 16. HP: 129/136 MP: 22/22
 23404 | IceCv    | --handy!
 23427 | IceCv    | Reached skill level 4 in Unarmed Combat
 23587 | IceCv    | Received a gift from Okawaru
 23602 | IceCv    | HP: 37/136 [polar bear (5)]
 23613 | IceCv    | HP: 30/136 [polar bear (10)]
 24038 | IceCv    | Got a pitted tin amulet
 24040 | IceCv    | Got a vibrating bone ring
 24048 | IceCv    | Identified the amulet of the Sparrow {Acrobat rElec Stlth+} (You found it in an ice cave)
 24113 | IceCv    | Identified the ring "Xuppo" {Ice *Corrode +Blink rN+++ Int+2} (You found it in an ice cave)
 24535 | D:11     | Reached skill level 15 in Armour
 24725 | D:11     | Found a roughly hewn altar of Beogh.
 25148 | D:12     | Noticed Kirke
 25177 | D:12     | Reached skill level 5 in Unarmed Combat
 25188 | D:12     | HP: 35/136 [hog[Kirke] (10)]
 25211 | D:11     | HP: 31/136 [hog[Kirke] (9)]
 25216 | D:11     | HP: 14/136 [hog[Kirke] (7)]
 25612 | D:12     | Killed Kirke
 25834 | D:12     | You fall through a shaft!
 26172 | D:13     | Found a flagged portal.
 26179 | Bailey   | Entered a bailey
 26388 | Bailey   | Found a runed gate.
 26389 | Bailey   | Found a runed gate.
 26391 | Bailey   | Found a runed gate.
 26529 | Bailey   | Learned a level 1 spell: Apportation
 26532 | Bailey   | Learned a level 2 spell: Blink
 26536 | Bailey   | Learned a level 3 spell: Portal Projectile
 26833 | D:13     | Noticed Azrael
 26856 | D:13     | Killed Azrael
 26918 | D:12     | Reached skill level 6 in Unarmed Combat
 26978 | D:12     | Identified a scroll of acquirement
 27204 | Lair:1   | Reached skill level 16 in Fighting
 27204 | Lair:1   | Gained mutation: You are completely covered in sharp spines. [demonic ancestry]
 27204 | Lair:1   | Reached XP level 17. HP: 144/144 MP: 23/23
 27205 | Lair:1   | Reached skill level 7 in Unarmed Combat
 27205 | Lair:1   | Reached XP level 18. HP: 151/151 MP: 24/24
 28094 | D:13     | Found a gate to the Vaults.
 28105 | D:13     | Reached skill level 16 in Armour
 28161 | D:13     | Reached skill level 8 in Unarmed Combat
 28380 | D:13     | Reached skill level 1 in Translocations
 28711 | D:14     | Found Avugiew's General Store.
 29231 | D:14     | Bought the +9 plate armour of Fortitude {rPois rCorr Dex-2} for 1128 gold pieces
 29265 | D:15     | Entered Level 15 of the Dungeon
 29338 | D:15     | Reached skill level 2 in Translocations
 29342 | D:15     | Received a gift from Okawaru
 29354 | D:15     | Got a smoking hat {god gift}
 29355 | D:15     | Identified the -1 hat "Luri" {rCorr} (Okawaru gifted it to you on level 15 of the Dungeon)
 29388 | D:15     | Found an opulent altar of Gozag.
 29429 | D:15     | Reached skill level 9 in Unarmed Combat
 29467 | D:15     | Reached skill level 3 in Translocations
 29497 | D:15     | HP: 44/151 [skeletal warrior/trident (7)]
 30498 | D:15     | Reached skill level 10 in Unarmed Combat
 30510 | D:15     | Reached skill level 4 in Translocations
 30546 | D:15     | Reached XP level 19. HP: 134/157 MP: 25/25
 30549 | D:15     | Found a staircase to the Depths.
 30560 | D:15     | Got a crude bronze amulet
 30561 | D:15     | Identified the amulet of Zin's Delight {rPois rC++ Regen+ Dex+5} (You found it on level 15 of the Dungeon)
 30763 | Spider:1 | Entered Level 1 of the Spider Nest
 31438 | Lair:3   | Reached skill level 5 in Translocations
 31802 | Spider:1 | Reached skill level 11 in Unarmed Combat
 32284 | Spider:2 | Paralysed by a hornet for 3 turns
 32443 | Spider:2 | Received a gift from Okawaru
 32447 | Spider:2 | Reached skill level 6 in Translocations
 32891 | Spider:2 | Reached skill level 12 in Unarmed Combat
 33559 | Spider:3 | Reached skill level 7 in Translocations
 33581 | Spider:3 | Noticed Asterion
 33589 | Spider:3 | Killed Asterion
 33601 | Spider:3 | Received a gift from Okawaru
 34204 | Spider:4 | Entered Level 4 of the Spider Nest
 34205 | Spider:4 | Noticed Donald
 34340 | Spider:3 | Reached skill level 13 in Unarmed Combat
 34629 | Spider:4 | Killed Donald
 34665 | Spider:4 | Noticed Nikola
 34692 | Spider:4 | Killed Nikola
 34784 | Spider:4 | Reached skill level 8 in Translocations
 34793 | Spider:3 | HP: 37/157 [tyrant leech (29)]
 34797 | Spider:3 | HP: 16/157 [tyrant leech (16)]
 35213 | Spider:4 | Received a gift from Okawaru
 35657 | Spider:4 | Received a gift from Okawaru
 36134 | Spider:4 | Reached skill level 14 in Unarmed Combat
 36134 | Spider:4 | Gained mutation: When low on magic, you restore magic in place of health. [demonic ancestry]
 36134 | Spider:4 | Reached XP level 20. HP: 152/164 MP: 0/26
 36295 | Spider:4 | HP: 45/164 [emperor scorpion (11)]
 36300 | Spider:4 | HP: 30/164 [poisoned by an emperor scorpion]
 36303 | Spider:4 | Reached skill level 9 in Translocations
 36318 | Spider:4 | Got a gossamer rune of Zot
 36906 | Lair:1   | Upgraded the game from 0.22-a0-619-ga0c6fd2 to 0.22-a0-750-ga7dcef7
 37003 | Shoals:1 | Entered Level 1 of the Shoals
 37157 | Shoals:1 | Found Iri Peph's Antique Armour Shop.
 38081 | Shoals:2 | Reached skill level 15 in Unarmed Combat
 38665 | Shoals:2 | Upgraded the game from 0.22-a0-750-ga7dcef7 to 0.22-a0-757-gdba82d8
 38827 | Shoals:2 | Found a runed gate.
 38866 | Shoals:2 | Received a gift from Okawaru
 38871 | Shoals:2 | Reached skill level 10 in Translocations
 39374 | Shoals:2 | Upgraded the game from 0.22-a0-757-gdba82d8 to 0.22-a0-772-gac08f70
 39418 | Shoals:2 | Found a runed gate.
 39422 | Shoals:2 | Found an opulent altar of Gozag.
 39422 | Shoals:2 | Noticed Fingolfin's ghost (adept MiBe)
 39423 | Shoals:2 | Found a runed gate.
 39423 | Shoals:2 | Found Wueseki's Assorted Antiques.
 39816 | Shoals:2 | HP: 47/164 [alligator snapping turtle (20)]
 40660 | Shoals:3 | Received a gift from Okawaru
 41118 | Shoals:3 | Reached skill level 16 in Unarmed Combat
 41808 | Shoals:4 | Entered Level 4 of the Shoals
 41816 | Shoals:4 | Noticed Polyphemus
 41830 | Shoals:3 | Reached skill level 11 in Translocations
 42119 | Shoals:3 | Killed Polyphemus
 42119 | Shoals:3 | Reached skill level 1 in Hexes
 42182 | Shoals:4 | Identified the Grimoire of Envenoming and Aid
 42342 | Shoals:4 | HP: 37/164 [water nymph/the raging water (25)]
 42725 | Shoals:4 | Reached skill level 2 in Hexes
 42735 | Shoals:4 | Received a gift from Okawaru
 43072 | Shoals:4 | Reached skill level 3 in Hexes
 43072 | Shoals:4 | Reached XP level 21. HP: 154/171 MP: 24/27
 43397 | Shoals:4 | Got a barnacled rune of Zot
 43995 | Shoals:4 | Reached skill level 4 in Hexes
 44380 | Shoals:2 | Killed Fingolfin's ghost
 44511 | Lair:1   | Upgraded the game from 0.22-a0-772-gac08f70 to 0.22-a0-776-ge6d7efa
 44591 | Vaults:1 | Entered Level 1 of the Vaults
 44659 | Vaults:1 | Reached skill level 17 in Unarmed Combat
 44709 | Vaults:1 | Reached skill level 5 in Hexes
 44718 | Vaults:1 | HP: 50/171 [soul eater[an ironheart preserver] (3)]
 44722 | Vaults:1 | Received a gift from Okawaru
 44723 | Vaults:1 | HP: 40/171 [fire dragon/blast of flame (8)]
 45269 | Vaults:1 | Received a gift from Okawaru
 45683 | Vaults:1 | Reached skill level 6 in Hexes
 46815 | Vaults:2 | Reached skill level 7 in Hexes
 46900 | Vaults:2 | Reached skill level 18 in Unarmed Combat
 47075 | Vaults:2 | Received a gift from Okawaru
 47086 | Vaults:2 | Reached skill level 2 in Spellcasting
 47636 | Vaults:2 | Found a large runed door.
 47636 | Vaults:2 | Found a large runed door.
 47636 | Vaults:2 | Noticed Erid's ghost (adept DDFi)
 47699 | Vaults:2 | Reached skill level 3 in Spellcasting
 47705 | Vaults:2 | Received a gift from Okawaru
 48018 | Vaults:2 | Found a staircase to the Crypt.
 48081 | Vaults:2 | Reached skill level 8 in Hexes
 48136 | Vaults:2 | Reached skill level 4 in Spellcasting
 48136 | Vaults:2 | Gained mutation: You are immune to freezing clouds. [demonic ancestry]
 48136 | Vaults:2 | Reached XP level 22. HP: 75/178 MP: 26/28
 48503 | Vaults:2 | Noticed a golden dragon
 48516 | Vaults:2 | Killed a golden dragon
 48543 | Vaults:2 | HP: 44/178 [ettin/dire flail (28)]
 49181 | Vaults:2 | Reached skill level 5 in Spellcasting
 49197 | Vaults:2 | HP: 48/178 [frost giant/bolt of cold (13)]
 49198 | Vaults:2 | Reached skill level 9 in Hexes
 49234 | Vaults:2 | Noticed a golden dragon
 49591 | Vaults:2 | Killed a golden dragon
 49591 | Vaults:2 | Reached skill level 19 in Unarmed Combat
 49943 | Vaults:2 | Received a gift from Okawaru
 49958 | Vaults:2 | Killed Erid's ghost
 50550 | Vaults:3 | Found Gozag's Antique Armour Boutique.
 50606 | Vaults:3 | Found Gozag's Antique Armour Shop.
 50609 | Vaults:3 | Found an opulent altar of Gozag.
 50650 | Vaults:3 | Reached skill level 6 in Spellcasting
 50699 | Vaults:3 | Found Gozag's Antique Weapon Shop.
 50981 | Vaults:3 | Received a gift from Okawaru
 50987 | Vaults:3 | Reached skill level 10 in Hexes
 51225 | Vaults:3 | Received a gift from Okawaru
 51457 | Vaults:3 | Upgraded the game from 0.22-a0-776-ge6d7efa to 0.22-a0-782-g038298e
 51576 | Vaults:3 | Reached skill level 7 in Spellcasting
 51578 | Vaults:3 | Found Vuisorat's Book Shop.
 52164 | Vaults:3 | Reached skill level 20 in Unarmed Combat
 52421 | Vaults:4 | Found Mekh's Food Emporium.
 52562 | Vaults:4 | Gained mutation: A frigid envelope surrounds you and freezes all who hurt you. [demonic ancestry]
 52562 | Vaults:4 | Reached XP level 23. HP: 168/184 MP: 33/33
 52699 | Vaults:4 | Reached skill level 11 in Hexes
 52709 | Vaults:4 | Found Mucve's Book Shoppe.
 52910 | Vaults:4 | Received a gift from Okawaru
 53109 | Vaults:4 | Noticed Mara
 53121 | Vaults:4 | Noticed Gorice's illusion
 53131 | Vaults:4 | Killed Mara
 53827 | Crypt:1  | Entered Level 1 of the Crypt
 53894 | Crypt:1  | Reached skill level 2 in Evocations
 54286 | Crypt:1  | Reached skill level 21 in Unarmed Combat
 54413 | Crypt:1  | Reached skill level 3 in Evocations
 54419 | Crypt:1  | Found an ancient bone altar of Kikubaaqudgha.
 54465 | Crypt:1  | Reached skill level 9 in Invocations
 54529 | Crypt:1  | Received a gift from Okawaru
 55109 | Crypt:2  | Reached skill level 4 in Evocations
 55698 | Crypt:3  | Entered Level 3 of the Crypt
 55728 | Crypt:3  | Reached skill level 10 in Invocations
 56156 | Crypt:3  | Reached skill level 5 in Evocations
 56423 | Crypt:3  | Found a staircase to the Tomb.
 56768 | Crypt:3  | Found the +7 Kryia's mail coat {PotionHeal*2 rC+}
 57094 | Crypt:3  | Identified the Tome of Evil Magic
 57100 | Crypt:3  | Learned a level 3 spell: Regeneration
 57295 | Crypt:3  | Reached skill level 11 in Invocations
 57381 | Crypt:3  | Reached skill level 6 in Evocations
 57394 | Crypt:3  | Found an ancient bone altar of Kikubaaqudgha.
 57396 | Crypt:3  | Noticed an ancient lich
 57418 | Crypt:3  | Killed an ancient lich
 57418 | Crypt:3  | Received a gift from Okawaru
 57418 | Crypt:3  | Reached XP level 24. HP: 111/191 MP: 17/33
 57427 | Crypt:3  | Received a gift from Okawaru
 57429 | Crypt:3  | Got a transparent ring mail {god gift}
 57442 | Crypt:3  | Noticed an ancient lich
 57446 | Crypt:3  | Killed an ancient lich
 57466 | Crypt:3  | Identified the +0 ring mail of Ymome {+Fly rCorr SInv} (Okawaru gifted it to you on level 3 of the Crypt)
 58245 | Elf:1    | Entered Level 1 of the Elven Halls
 58352 | Elf:1    | Reached skill level 22 in Unarmed Combat
 58352 | Elf:1    | Reached skill level 7 in Evocations
 58388 | Elf:1    | Identified the Disquisition on Bewitching Poisoning
 58560 | Elf:1    | Reached skill level 12 in Invocations
 59459 | Elf:2    | Reached skill level 8 in Evocations
 59720 | Elf:2    | Found a runed gate.
 59720 | Elf:2    | Found a runed gate.
 59720 | Elf:2    | Found a runed gate.
 59778 | Elf:2    | Noticed Jorgrun
 59788 | Elf:2    | Killed Jorgrun
 59983 | Elf:2    | Reached skill level 9 in Evocations
 59996 | Elf:2    | Noticed Agnes
 60000 | Elf:2    | Killed Agnes
 60266 | Lair:1   | Upgraded the game from 0.22-a0-782-g038298e to 0.22-a0-799-g88f5e90
 60388 | Elf:3    | Entered Level 3 of the Elven Halls
 60444 | Elf:3    | Cast into level 2 of the Abyss (a deep elf sorcerer)
 60494 | Abyss:2  | Received a gift from Okawaru
 60520 | Abyss:2  | Found a corrupted altar of Lugonu.
 61090 | Elf:3    | Escaped the Abyss
 61117 | Elf:3    | Reached skill level 10 in Evocations
 61385 | Elf:3    | Reached skill level 17 in Armour
 61613 | Elf:3    | Reached skill level 11 in Evocations
 61821 | Elf:3    | Got a steaming diamond amulet
 61833 | Elf:3    | Identified the amulet "Cireh" {Reflect Slay+2 SH+3} (You took it off a deep elf sorcerer on level 3 of the Elven Halls)
 61864 | Elf:3    | Got a transparent steel ring
 61974 | Elf:3    | Gained mutation: You have an unnaturally thin skeletal structure. (Dex +6, Stealth++) [demonic ancestry]
 61974 | Elf:3    | Reached XP level 25. HP: 197/197 MP: 30/33
 62005 | Elf:3    | Found the +7 Singing Sword
 62009 | Elf:3    | Identified the Incunabulum of Cold and Shape Shifting
 62064 | Elf:3    | Identified the ring "Cumu" {rElec rF+ rC+ MR+} (You took it off a deep elf mage on level 3 of the Elven Halls)
 62394 | Depths:1 | Entered Level 1 of the Depths
 62659 | Depths:1 | Received a gift from Okawaru
 62694 | Depths:1 | Reached skill level 12 in Evocations
 62868 | Depths:1 | Reached skill level 18 in Armour
 62952 | Depths:1 | Found Tuotri's Distillery.
 62961 | Depths:1 | Bought 2 potions of haste for 440 gold pieces
 62961 | Depths:1 | Bought a potion of heal wounds for 110 gold pieces
 62974 | Depths:1 | Found Voin's Distillery.
 62982 | Depths:1 | Bought a potion of heal wounds for 90 gold pieces
 62982 | Depths:1 | Bought a potion of haste for 180 gold pieces
 62982 | Depths:1 | Bought a potion of heal wounds for 90 gold pieces
 62982 | Depths:1 | Bought a potion of heal wounds for 90 gold pieces
 62982 | Depths:1 | Bought a potion of heal wounds for 90 gold pieces
 63045 | Depths:1 | Found a radiant altar of Vehumet.
 63053 | Depths:1 | Reached skill level 1 in Dodging
 63053 | Depths:1 | Reached skill level 1 in Necromancy
 63061 | Depths:1 | Got an ichor-stained hat
 63158 | Depths:1 | Identified the +2 hat "Kushywk" {Str+7} (You found it on level 1 of the Depths)
 63277 | Depths:1 | Reached skill level 2 in Necromancy
 63284 | Depths:1 | Found a one-way gate leading to the halls of Pandemonium.
 63325 | Depths:1 | Reached skill level 2 in Dodging
 63344 | Depths:1 | Reached skill level 3 in Necromancy
 63419 | Depths:1 | Reached skill level 3 in Dodging
 63475 | Depths:1 | Reached skill level 4 in Necromancy
 63574 | Depths:1 | Got a faintly glowing steel ring
 63616 | Depths:1 | Found Usaec's Gadget Boutique.
 63665 | Depths:1 | Found a gateway to Hell.
 63676 | Depths:1 | Identified the +2 pair of boots "Daimm" {+Blink Regen+ Str-4} (You found it on level 1 of the Depths)
 63678 | Depths:1 | Identified the ring "Vowac" {+Fly rElec Stlth-} (You found it on level 1 of the Depths)
 63729 | Depths:1 | Found Agefed Wuu's Gadget Boutique.
 64031 | Depths:2 | Reached skill level 4 in Dodging
 64049 | Depths:2 | Reached skill level 5 in Necromancy
 64102 | Depths:2 | Noticed a juggernaut
 64115 | Depths:2 | Killed a juggernaut
 64124 | Depths:2 | Reached skill level 5 in Dodging
 64124 | Depths:2 | Reached skill level 6 in Necromancy
 64509 | Depths:2 | Reached skill level 7 in Necromancy
 64590 | Depths:2 | Reached skill level 6 in Dodging
 64838 | Depths:2 | Reached skill level 9 in Necromancy
 64838 | Depths:2 | Reached XP level 26. HP: 204/204 MP: 33/33
 64892 | Depths:3 | Received a gift from Okawaru
 64959 | Depths:3 | Noticed an ancient lich
 64985 | Depths:2 | Killed an ancient lich
 64985 | Depths:2 | Reached skill level 7 in Dodging
 64985 | Depths:2 | Reached skill level 10 in Necromancy
 65059 | Depths:3 | Noticed Louise
 65180 | Depths:2 | Killed Louise
 65180 | Depths:2 | Reached skill level 1 in Charms
 65201 | Depths:3 | Found a one-way gate to the infinite horrors of the Abyss.
 65252 | Depths:2 | Reached skill level 2 in Charms
 65519 | Depths:2 | HP: 61/204 [fire giant/great sword of flaming (1)]
 65593 | Depths:2 | Reached skill level 3 in Charms
 65716 | Depths:3 | HP: 51/204 [flayed ghost/flay_damage (24)]
 65722 | Depths:2 | Reached skill level 8 in Dodging
 65869 | Depths:3 | Reached skill level 11 in Necromancy
 65884 | Depths:3 | Reached skill level 4 in Charms
 65939 | Depths:3 | Reached XP level 27. HP: 121/210 MP: 24/33
 66252 | Depths:3 | Reached skill level 5 in Charms
 66307 | Depths:3 | Reached skill level 9 in Dodging
 66403 | Depths:3 | Received a gift from Okawaru
 66444 | Depths:3 | Reached skill level 12 in Necromancy
 66486 | Depths:3 | Reached skill level 6 in Charms
 66689 | Depths:3 | Received a gift from Okawaru
 66777 | Depths:3 | Identified Gutir's Handbook of Sinister Arts
 67110 | D:15     | Upgraded the game from 0.22-a0-799-g88f5e90 to 0.22-a0-803-gd6d8abe
 67148 | Depths:4 | Found a gateway to a bazaar.
 67161 | Depths:4 | Received a gift from Okawaru
 67197 | Bazaar   | Entered a bazaar
 67215 | Bazaar   | Found Efaudgh's Book Shoppe.
 67231 | Bazaar   | Found Muil's Assorted Antiques.
 67231 | Bazaar   | Found Zamuab Loah's Gadget Emporium.
 67254 | Bazaar   | Found Xuits's Armour Emporium.
 67307 | Bazaar   | Bought a phantom mirror for 420 gold pieces
 67327 | Bazaar   | Bought a book of Beasts for 550 gold pieces
 67329 | Bazaar   | Learned a level 1 spell: Summon Butterflies
 67391 | Depths:4 | Found Gosin's Book Boutique.
 67397 | Depths:4 | Found Niykeq's Jewellery Shoppe.
 67428 | Depths:4 | Found Vaemots's Weapon Emporium.
 67448 | Depths:4 | Reached skill level 10 in Dodging
 67509 | Depths:4 | Received a gift from Okawaru
 67605 | Depths:4 | Noticed Frederick
 67620 | Depths:4 | Reached skill level 13 in Necromancy
 67622 | Depths:4 | Killed Frederick
 67625 | Depths:4 | Received a gift from Okawaru
 67661 | Depths:4 | Found a runed gate.
 67661 | Depths:4 | Found a runed gate.
 67663 | Depths:4 | Found a runed gate.
 67675 | Depths:4 | Noticed Mamu's ghost (journeyman SpBe)
 67834 | Depths:4 | Reached skill level 1 in Summonings
 67848 | Depths:4 | Reached skill level 11 in Dodging
 67848 | Depths:4 | Reached skill level 2 in Summonings
 67898 | Depths:4 | Found a portal to a secret trove of treasure.
 67947 | Depths:4 | Noticed a juggernaut
 67969 | Depths:4 | Killed a juggernaut
 67969 | Depths:4 | Reached skill level 3 in Summonings
 68038 | Depths:4 | Noticed a juggernaut
 68046 | Depths:4 | Killed a juggernaut
 68055 | Depths:4 | Reached skill level 8 in Spellcasting
 68098 | Depths:4 | Identified the Tome of Flight and the Arsonist
 68101 | Depths:4 | Got a glittering wooden ring
 68104 | Depths:4 | Identified the ring "Gecarego" {rN+ Int+3 Dex-5 SInv Stlth+} (You found it on level 4 of the Depths)
 68135 | Depths:4 | Reached skill level 4 in Summonings
 68731 | Depths:4 | Received a gift from Okawaru
 68737 | Depths:4 | Reached skill level 5 in Summonings
 68738 | Depths:4 | Killed Mamu's ghost
 68783 | Depths:4 | Got a crude marble ring
 68790 | Depths:4 | Identified the ring of Cisuo {rElec rF+ rC+ Str+2} (You found it on level 4 of the Depths)
 68816 | Depths:4 | Learned a level 5 spell: Summon Mana Viper
 68817 | Depths:5 | Entered Level 5 of the Depths
 68817 | Depths:5 | Found a gateway to a ziggurat.
 68841 | Depths:5 | Received a gift from Okawaru
 69149 | Depths:5 | Found Ylaixuc's Assorted Antiques.
 69176 | Depths:5 | Reached skill level 9 in Spellcasting
 69182 | Depths:5 | Reached skill level 12 in Dodging
 69182 | Depths:5 | Reached skill level 6 in Summonings
 69214 | Depths:5 | Bought a thin hardcover book for 480 gold pieces
 69420 | Depths:5 | Found a gate to the Realm of Zot.
 70171 | Vaults:5 | Entered Level 5 of the Vaults
 70183 | Vaults:4 | Reached skill level 7 in Summonings
 70330 | Vaults:4 | Reached skill level 10 in Spellcasting
 70466 | Vaults:5 | HP: 62/212 [flayed ghost/flay_damage (27)]
 70498 | Vaults:5 | Reached skill level 8 in Summonings
 70517 | Vaults:5 | HP: 58/213 [stone giant/large rock (12)]
 70526 | Vaults:5 | HP: 47/213 [tengu reaver/bolt of magma (16)]
 70534 | Vaults:5 | Received a gift from Okawaru
 70534 | Vaults:5 | Reached skill level 9 in Summonings
 70537 | Vaults:5 | Reached skill level 17 in Fighting
 70620 | Vaults:5 | Noticed Sojobo
 70629 | Vaults:5 | Killed Sojobo
 70702 | Vaults:5 | Reached skill level 10 in Summonings
 70835 | Vaults:5 | Got a silver rune of Zot
 70905 | Vaults:5 | Received a gift from Okawaru
 70911 | Vaults:5 | Noticed an ancient lich
 70919 | Vaults:5 | Killed an ancient lich
 70942 | Vaults:5 | Received a gift from Okawaru
 70997 | Vaults:5 | Reached skill level 11 in Summonings
 71202 | Vaults:5 | Reached skill level 11 in Spellcasting
 71217 | Vaults:5 | Reached skill level 18 in Fighting
 71336 | Vaults:5 | Noticed Bai Suzhen
 71354 | Vaults:5 | Killed Bai Suzhen
 71686 | Vaults:5 | Received a gift from Okawaru
 71688 | Vaults:5 | Reached skill level 12 in Summonings
 72407 | Slime:1  | Entered Level 1 of the Pits of Slime
 72411 | Slime:1  | Received a gift from Okawaru
 72471 | Slime:1  | Upgraded the game from 0.22-a0-803-gd6d8abe to 0.22-a0-877-g5c4e1af
 72471 | Slime:1  | Nilihum: !subscribe
 72471 | Slime:1  | beem: Subscribed. I will now watch all games of user Nilihum
 72637 | Slime:4  | Gained mutation: You do not regenerate when monsters are visible. [a shining eye]
 72650 | Slime:4  | Received a gift from Okawaru
 72686 | Slime:5  | Entered Level 5 of the Pits of Slime
 72713 | Slime:5  | Gained mutation: You are frail. (-10% HP) [a shining eye]
 72714 | Slime:5  | Reached skill level 13 in Summonings
 72723 | Slime:4  | Reached skill level 19 in Fighting
 72958 | Slime:5  | Noticed the Royal Jelly
 73002 | Slime:5  | HP: 51/199 [the Royal Jelly (9)]
 73007 | Slime:4  | HP: 44/199 [acid[the Royal Jelly] (1)]
 73185 | Slime:5  | Found a viscous altar of Jiyva.
 73236 | Slime:5  | Killed the Royal Jelly
 73251 | Slime:5  | Reached skill level 20 in Fighting
 73268 | Slime:5  | Got a slimy rune of Zot
 73308 | Slime:5  | Identified the +2 chain mail of Filetap {rF- MR+ Regen+} (You found it on level 5 of the Pits of Slime)
 73426 | Slime:5  | Identified the +8 plate armour "Nodamn" {+Fly rElec Str-5} (You found it on level 5 of the Pits of Slime)
 73693 | Lair:1   | Lost mutation: You are frail. (-10% HP) [potion of mutation]
 73693 | Lair:1   | Lost mutation: You do not regenerate when monsters are visible. [potion of mutation]
 73693 | Lair:1   | Gained mutation: You passively map a small area around you. [potion of mutation]
 73693 | Lair:1   | Gained mutation: You passively map the area around you. [potion of mutation]
 73697 | Lair:1   | Got an encrusted ring mail
 73698 | Lair:1   | Identified the +2 ring mail of the Clam {rC+} (You acquired it on level 1 of the Lair of Beasts)
 73860 | Depths:3 | Voluntarily entered the Abyss.
 73974 | Abyss:1  | Identified the Volume of Fetching Transmigration (You acquired it on level 1 of the Abyss)
 74065 | Abyss:1  | Got a fine marble ring
 74084 | Abyss:1  | Identified the ring of Baji {Ice Int+5} (You found it on level 1 of the Abyss)
 74656 | Abyss:2  | Gained mutation: You are dopey. (Int -2) [a neqoxec]
 74837 | Abyss:2  | Found a blossoming altar of Fedhas.
 74838 | Abyss:2  | Found a shattered altar of Ashenzari.
 74911 | Abyss:3  | Found a corrupted altar of Lugonu.
 74963 | Abyss:3  | Paralysed by accursed screaming for 1 turns
 75038 | Abyss:3  | Reached skill level 14 in Summonings
 75245 | Abyss:4  | Found a corrupted altar of Lugonu.
 75282 | Abyss:4  | Received a gift from Okawaru
 75517 | Abyss:4  | Gained mutation: You are agile. (Dex +2) [a neqoxec]
 75550 | Abyss:4  | Received a gift from Okawaru
 75555 | Abyss:4  | Reached skill level 21 in Fighting
 75598 | Abyss:4  | Found a corrupted altar of Lugonu.
 75700 | Abyss:4  | Reached skill level 15 in Summonings
 75760 | Abyss:4  | Paralysed by accursed screaming for 1 turns
 75888 | Abyss:4  | HP: 67/229 [white very ugly thing (2)]
 75893 | Abyss:4  | Gained mutation: You expend magic power (3 MP) to strengthen your wands. [a shining eye]
 75894 | Abyss:4  | Gained mutation: Your magical capacity is low. (-10% MP) [a shining eye]
 75899 | Abyss:4  | HP: 66/229 [starcursed mass/accursed screaming (6)]
 75911 | Abyss:4  | HP: 43/183 [raiju/living lightning (16)]
 75922 | Abyss:4  | Found a corrupted altar of Lugonu.
 75925 | Depths:3 | Escaped the Abyss
 75928 | Depths:3 | HP: 36/161 [tentacled starspawn (7)]
 76035 | Depths:3 | Voluntarily entered the Abyss.
 76035 | Abyss:1  | Found a corrupted altar of Lugonu.
 76088 | Abyss:1  | Reached skill level 22 in Fighting
 76278 | Abyss:2  | Found a corrupted altar of Lugonu.
 76397 | Abyss:3  | Reached skill level 13 in Dodging
 76454 | Abyss:3  | Received a gift from Okawaru
 76707 | Abyss:3  | Paralysed by accursed screaming for 2 turns
 76738 | Abyss:4  | Found a corrupted altar of Lugonu.
 76742 | Abyss:4  | Found a sacrificial altar of Ru.
 76893 | Abyss:4  | Reached skill level 14 in Dodging
 76901 | Abyss:4  | Got an abyssal rune of Zot
 76983 | Abyss:4  | Gained mutation: Your spells are a little easier to cast, but a little less powerful. [a cacodemon]
 76986 | Abyss:4  | Received a gift from Okawaru
 77060 | Abyss:4  | HP: 59/231 [??? (38)]
 77075 | Abyss:4  | Found a corrupted altar of Lugonu.
 77086 | Depths:3 | Escaped the Abyss
 77102 | Depths:3 | Identified the +6 crystal plate armour "Ugyimmez" {rElec Slay+3} (Okawaru gifted it to you on level 3 of the Depths)
 77408 | Pan      | Entered Pandemonium
 77704 | Pan      | Reached skill level 15 in Dodging
 77706 | Pan      | Gained mutation: Your spells are easier to cast, but less powerful. [a cacodemon]
 77708 | Pan      | Received a gift from Okawaru
 77767 | Pan      | Noticed Anexy the pandemonium lord
 77786 | Pan      | Killed Anexy the pandemonium lord
 77786 | Pan      | Reached skill level 13 in Evocations
 77861 | Pan      | Found an exit through the horrors of the Abyss.
 77937 | Pan      | Gained mutation: Scrolls take you a little longer to read. [a cacodemon]
 77954 | Depths:1 | Escaped Pandemonium
 77959 | Pan      | Entered Pandemonium
 77985 | Pan      | HP: 69/231 [gelid warmonger/dire flail of crushing (12)]
 78139 | Pan      | Found a runed door.
 78170 | Pan      | Found a runed door.
 78218 | Pan      | Found a runed door.
 78241 | Pan      | Found a runed door.
 78270 | Pan      | Noticed Keysux the pandemonium lord
 78293 | Pan      | Killed Keysux the pandemonium lord
 78418 | Pan      | Gained mutation: Scrolls take you longer to read. [a cacodemon]
 78422 | Pan      | Reached skill level 14 in Evocations
 78488 | Pan      | Found a transporter.
 78718 | Pan      | Found a transporter.
 78755 | Pan      | Gained mutation: You are frail. (-10% HP) [a cacodemon]
 78783 | Pan      | Reached skill level 15 in Evocations
 78847 | Pan      | Got a steaming silver ring
 78860 | Pan      | Got a shimmering ivory ring
 78885 | Pan      | Identified the ring of Contentment {rN+ Dex+5 Stlth+} (You found it in Pandemonium)
 78887 | Pan      | Identified the ring of Xom's Malicious Joy {rPois AC+2} (You found it in Pandemonium)
 78960 | Pan      | Reached skill level 16 in Dodging
 79141 | Pan      | Found an exit through the horrors of the Abyss.
 79192 | Pan      | Received a gift from Okawaru
 79196 | Pan      | Reached skill level 19 in Armour
 79316 | Pan      | Upgraded the game from 0.22-a0-877-g5c4e1af to 0.22-a0-880-gb7b0c8b
 79336 | Pan      | Received a gift from Okawaru
 79336 | Pan      | Reached skill level 16 in Evocations
 79381 | Pan      | HP: 62/207 [Executioner (2)]
 79422 | Pan      | HP: 62/207 [something (6)]
 79673 | Pan      | HP: 40/207 [??? (27)]
 79817 | Pan      | Received a gift from Okawaru
 79834 | Pan      | Got a faintly humming crystal plate armour {god gift}
 79866 | Pan      | Identified the +13 crystal plate armour of Fanaticism {Str+2 Int+3 Dex-3} (Okawaru gifted it to you in Pandemonium)
 80021 | Pan      | Noticed Qinoenur the pandemonium lord
 80032 | Pan      | Killed Qinoenur the pandemonium lord
 80055 | Pan      | Got a demonic rune of Zot
 80303 | Pan      | Entered the realm of Mnoleg.
 80389 | Pan      | Reached skill level 17 in Evocations
 80391 | Pan      | Gained mutation: Scrolls take you much longer to read. [a cacodemon]
 80536 | Pan      | Noticed Mnoleg
 80556 | Pan      | Killed Mnoleg
 80556 | Pan      | Reached skill level 20 in Armour
 80576 | Pan      | Got a glowing rune of Zot
 80794 | Pan      | Entered the realm of Lom Lobon.
 81155 | Pan      | Noticed Lom Lobon
 81186 | Pan      | Killed Lom Lobon
 81186 | Pan      | Reached skill level 21 in Armour
 81214 | Pan      | Got a magical rune of Zot
 81228 | Pan      | Upgraded the game from 0.22-a0-880-gb7b0c8b to 0.23-a0-4-g8f018a2
 81484 | Pan      | Received a gift from Okawaru
 81508 | Pan      | Identified the +5 chain mail of the Vaults {rPois} (Okawaru gifted it to you in Pandemonium)
 81539 | Pan      | Reached skill level 1 in Transmutations
 81585 | Pan      | Reached skill level 2 in Transmutations
 81746 | Pan      | Reached skill level 3 in Transmutations
 81749 | Pan      | Noticed Todoba the pandemonium lord
 81774 | Pan      | Killed Todoba the pandemonium lord
 81774 | Pan      | Reached skill level 4 in Transmutations
 81851 | Pan      | Reached skill level 5 in Transmutations
 81992 | Pan      | Noticed Sikug the pandemonium lord
 82001 | Pan      | HP: 48/207 [??? (36)]
 82007 | Pan      | HP: 22/207 [???[Sikug] (12)]
 82007 | Pan      | HP: 9/207 [soul eater/drain life (3)]
 82014 | Pan      | HP: 22/207 [blizzard demon/bolt of lightning (3)]
 82052 | Pan      | Noticed Soosim the pandemonium lord
 82054 | Pan      | HP: 57/207 [soul eater/drain life (11)]
 82064 | Pan      | HP: 46/207 [soul eater/drain life (9)]
 82070 | Pan      | HP: 29/207 [hellion/damnation (20)]
 82085 | Pan      | HP: 30/207 [??? (13)]
 82090 | Pan      | HP: 19/207 [??? (8)]
 82100 | Pan      | Found an exit through the horrors of the Abyss.
 82215 | Pan      | Lost mutation: Scrolls take you much longer to read. [potion of mutation]
 82215 | Pan      | Lost mutation: You expend magic power (3 MP) to strengthen your wands. [potion of mutation]
 82215 | Pan      | Gained mutation: Your body sometimes deteriorates upon taking damage. [potion of mutation]
 82215 | Pan      | Lost mutation: Your magical capacity is low. (-10% MP) [potion of mutation]
 82215 | Pan      | Gained mutation: You have a beak for a mouth. [potion of mutation]
 82260 | Pan      | Reached skill level 6 in Transmutations
 82424 | Pan      | Entered the realm of Cerebov.
 82630 | Pan      | Reached skill level 7 in Transmutations
 82813 | Pan      | Noticed Cerebov
 82845 | Pan      | Reached skill level 8 in Transmutations
 82863 | Pan      | HP: 57/207 [Cerebov/great serpentine sword {flame} (11)]
 82867 | Pan      | HP: 23/207 [Cerebov/great blast of fire (33)]
 82869 | Pan      | Killed Cerebov
 82869 | Pan      | Reached skill level 9 in Transmutations
 83205 | Pan      | Got a fiery rune of Zot
 83254 | Pan      | Reached skill level 10 in Transmutations
 83308 | Pan      | Entered the realm of Gloorx Vloq.
 83351 | Pan      | Reached skill level 22 in Armour
 83457 | Pan      | Received a gift from Okawaru
 83505 | Pan      | Noticed Gloorx Vloq
 83516 | Pan      | HP: 62/207 [Executioner[Gloorx Vloq] (6)]
 83521 | Pan      | HP: 35/207 [Executioner (2)]
 83559 | Pan      | HP: 60/207 [soul eater/drain life (7)]
 83680 | Pan      | Reached skill level 11 in Transmutations
 83771 | Pan      | HP: 59/207 [Executioner[Gloorx Vloq] (5)]
 83776 | Pan      | HP: 25/207 [??? (13)]
 83985 | Pan      | Noticed Mennas
 84014 | Pan      | Killed Mennas
 84146 | Pan      | Reached skill level 12 in Transmutations
 84217 | Pan      | Killed Gloorx Vloq
 84217 | Pan      | Reached skill level 17 in Dodging
 84226 | Pan      | Got a dark rune of Zot
 85184 | Pan      | Gained mutation: You are occasionally teleported next to monsters. [a cacodemon]
 85233 | Pan      | Noticed Bozig the pandemonium lord
 85256 | Pan      | Killed Bozig the pandemonium lord
 85306 | Pan      | Reached skill level 18 in Dodging
 85351 | Pan      | Found an exit through the horrors of the Abyss.
 85365 | Pan      | Took an exit into the Abyss.
 85365 | Abyss:1  | Escaped into the Abyss
 85426 | Abyss:1  | Found a corrupted altar of Lugonu.
 85460 | Depths:1 | Escaped the Abyss
 85768 | Hell     | Entered the Vestibule of Hell
 85768 | Hell     | Noticed Geryon
 85778 | Hell     | Killed Geryon
 86198 | Hell     | Reached skill level 19 in Dodging
 86253 | Hell     | Received a gift from Okawaru
 86271 | Hell     | Found a gateway to the freezing wastes of Cocytus.
 86404 | Hell     | Found a gateway to the decaying netherworld of Tartarus.
 86439 | Hell     | Received a gift from Okawaru
 86491 | Hell     | Found a gateway to the ashen valley of Gehenna.
 86684 | Hell     | Found a gateway to the Iron City of Dis.
 86724 | Hell     | Learned a level 6 spell: Shadow Creatures
 86724 | Hell     | Upgraded the game from 0.23-a0-4-g8f018a2 to 0.23-a0-8-gb809bb7
 86732 | Coc:1    | Entered Level 1 of Cocytus
 86779 | Coc:1    | Received a gift from Okawaru
 87196 | Coc:3    | Reached skill level 16 in Summonings
 87264 | Coc:3    | Received a gift from Okawaru
 87432 | Coc:3    | HP: 49/207 [??? (31)]
 87504 | Coc:3    | Reached skill level 20 in Dodging
 87691 | Coc:5    | HP: 45/207 [???[the effects of Hell] (29)]
 87697 | Coc:5    | HP: 43/207 [skeletal warrior/halberd[a skeletal warrior] (4)]
 87698 | Coc:5    | HP: 17/207 [golden dragon zombie (6)]
 87703 | Coc:5    | HP: 30/207 [skeletal warrior/halberd[a skeletal warrior] (13)]
 87901 | Coc:2    | Reached skill level 17 in Summonings
 87966 | Coc:2    | Received a gift from Okawaru
 88541 | Coc:5    | Received a gift from Okawaru
 88689 | Coc:6    | Received a gift from Okawaru
 88724 | Coc:7    | Entered Level 7 of Cocytus
 88773 | Coc:7    | Reached skill level 18 in Summonings
 88823 | Coc:7    | Reached skill level 21 in Dodging
 88862 | Coc:7    | Received a gift from Okawaru
 89068 | Coc:7    | Received a gift from Okawaru
 89451 | Coc:7    | Noticed Antaeus
 89469 | Coc:7    | Killed Antaeus
 89469 | Coc:7    | Received a gift from Okawaru
 89469 | Coc:7    | Reached skill level 22 in Dodging
 89515 | Coc:7    | Got an icy rune of Zot
 89573 | Coc:7    | Learned a level 5 spell: Dispel Undead
 89580 | Coc:7    | Learned a level 6 spell: Statue Form
 89655 | Coc:7    | Reached skill level 1 in Earth Magic
 89692 | Coc:7    | Reached skill level 2 in Earth Magic
 89731 | Coc:7    | Reached skill level 3 in Earth Magic
 89911 | Coc:7    | Identified Sif Muna's Incunabulum of Calling and the Mountains
 89914 | Coc:7    | Got a serpentine copper ring
 89921 | Coc:7    | Identified the ring of Qampol {rC- EV+4 Str+4 Dex+6 SInv} (You found it on level 7 of Cocytus)
 89937 | Coc:7    | Reached skill level 4 in Earth Magic
 90187 | Dis:1    | Entered Level 1 of the Iron City of Dis
 90252 | Dis:1    | Reached skill level 5 in Earth Magic
 90280 | Dis:1    | Received a gift from Okawaru
 90377 | Dis:1    | Reached skill level 12 in Spellcasting
 90467 | Dis:2    | Reached skill level 6 in Earth Magic
 90656 | Dis:3    | Reached skill level 7 in Earth Magic
 90807 | Dis:3    | Reached skill level 8 in Earth Magic
 91065 | Dis:5    | Reached skill level 9 in Earth Magic
 91127 | Dis:5    | Received a gift from Okawaru
 91168 | Dis:5    | HP: 59/206 [Brimstone Fiend/damnation (43)]
 91182 | Dis:5    | HP: 26/206 [hellion/damnation (14)]
 91183 | Dis:5    | Killed from afar by a hellion

Vault maps used:
D:1:      dpeg_arrival_rhombus, minmay_pentomino_z2
D:2:      serial_glass, glass_columns_a, glass_columns_a,
          minmay_misc_feat_plants, uniq_terence, uniq_natasha
D:3:      minmay_roachtagon, kennysheep_slug_shrine, old_standard_altar,
          marbit_many_paths, fedhas_altar_fruit_tree, ebering_ghost_rock_garden,
          nicolae_ru_the_path_less_chosen
D:4:      kennysheep_slugbush, grunt_temple_overflow_open,
          minmay_temple_entry_nine_rooms, lightli_ossuary_entry_decrepit_ruins,
          patterned_corridor
D:5:      nicolae_overflow_crystal_walls, first_ration,
          eino_small_chamber_without_monster
D:7:      uniq_joseph
D:8:      overflow_temple_1_default, minmay_lair_entry_grove, basic_altar,
          minmay_ruined_shrine
D:9:      gammafunk_steamed_eel, nicolae_qazlal_style_of_elements, david_orc_2,
          kennysheep_generic_room_14, uniq_grum
D:10:     serial_shops, nicolae_shop_behind_doors
D:11:     special_room, portal_ice_cave_entry_pillars_2, hangedman_stone_soup
D:12:     minmay_item_behind_shaft, centaur_isle, uniq_kirke
D:13:     lightli_vaults_fourway_checkpoint, enter_bailey_3, uniq_azrael
D:14:     serial_shops, shop
D:15:     grunt_enter_depths_magical_seal,
          nicolae_gozag_cash_rules_everything_around_me, evilmike_butchery
Temple:   minmay_temple_bridge_abc
Lair:1:   special_room, disabler_island, uniq_sonja
Lair:2:   eino_house_with_fridge, serial_bayou_shore_b, serial_bayou_shore_b,
          minmay_lair_oklob_chamber
Lair:3:   nicolae_spider_entry_orb_guardian
Lair:4:   elwin_shoals_entry_rooms, serial_bayou_pond_e, grunt_megastairs_2
Lair:6:   hangedman_lair_in_review, hangedman_lair_caniforms_friends,
          nicolae_slime_entry_slimehenge
Shoals:1: serial_shops, nicolae_shop_waterfront
Shoals:2: ebering_ghost_gozag
Shoals:3: cheibrodos_shoals_baths
Shoals:4: shoals_end_grunt_ice, uniq_polyphemus
Spider:1: nicolae_spider_mines_3
Spider:2: nicolae_spider_webbed_stairs
Spider:3: spider_trap, uniq_asterion
Spider:4: spider_rune_water, spider_trap, worms_lemuel, uniq_donald, uniq_nikola
Slime:2:  cheibrodos_slime_lost_civilization_1
Orc:1:    basic_altar, uniq_harold
Orc:2:    kennysheep_orc_mage_school, nicolae_orc_crystal_geode
Elf:1:    minmay_elf_arrival_summoners, hangedman_corner_corridor,
          minmay_misc_feat_diagonals
Elf:2:    minivault_14, spider_trap, uniq_agnes, uniq_jorgrun
Elf:3:    minmay_elf_hall_x
Vaults:1: nicolae_vaults_hallways_thing, vaults_room_glass_cross,
          hangedman_vaults_stitches, v_misc_8, vaults_room_grid,
          vaults_mumra_minichess_inversion, vaults_dpeg_spiral,
          ontoclasm_vaults_chip
Vaults:2: advil_vaults_ghost_guards, st_greater_box_5, v_rooms_4,
          minmay_crypt_entry_simple_sparse, ontoclasm_vaults_twist,
          grunt_vaults_funnel, v_pattern_4, nicolae_vaults_network_periphery,
          grunt_vaults_twisty, nicolae_vaults_little_squares_5
Vaults:3: nicolae_vaults_stairing_the_circle, nicolae_vaults_puzzle_piece,
          vaults_room_pool, vaults_room_stairs_pillars, vaults_room_pools,
          v_rooms_2, vaults_room_corners, v_pattern_5, hangedman_vaults_slice,
          kennysheep_vaults_gozag_temple, grunt_vaults_hallway_long,
          grunt_vaults_hallway_short, serial_shops, shop_statue
Vaults:4: v_misc_22, ontoclasm_vaults_spin, nicolae_vaults_little_squares_5,
          v_misc_14, vaults_room_ringed_pool, vaults_room_large_hall,
          v_alt_pattern_2, ontoclasm_vaults_chip, serial_shops, shop,
          shop_statue, uniq_mara
Vaults:5: uniq_bai_suzhen, uniq_sojobo
Crypt:1:  lemuel_mausoleum_altar_kikubaaqudgha
Crypt:3:  quadcrypt_mu
Depths:1: serial_shops, nicolae_shop_behind_doors, shop_fountains,
          kennysheep_little_box, shop, hangedman_coc_ice_floe, minmay_holes,
          rand_demon_pan_entry_4, hex_tiny, grunt_tower_of_power
Depths:2: minmay_the_grid_four_pointed_star, minmay_misc_feat_five, hell_entry,
          rand_demon_pan_entry_5, minmay_staircase_statues
Depths:3: minmay_four_inscribed_fans, nicolae_abyss_entry_one_way_or_another,
          minmay_door_square, special_room, pan_entry, hangedman_geh_valley
Depths:4: minmay_sliced_demisemicircle, minmay_hedge_maze,
          grunt_hell_entry_dis_mu, serial_shops, bzr_entry_lakeside, shop, shop,
          shop_statue, abyss_entry_crystal, nicolae_trove_entry_diagonal,
          biasface_ghost_demon_polymorph, kilobyte_rumbling_trees,
          minmay_staircase_bubble, uniq_frederick
Depths:5: grunt_zot_entry_hairpin, enter_ziggurat_a, hell_entry,
          hangedman_decor_growths, serial_shops, shop_fountains,
          nicolae_two_hexagons, minivault_11
Dis:1:    hangedman_dis_decor_blocks_crown, door_vault
Coc:3:    serial_ice, serial_ice_k, serial_ice_g, serial_ice_d, serial_ice_b
Coc:7:    coc_mu
Abyss:2:  minivault_22, hangedman_abyss_mock_shop
Abyss:3:  serial_sigils_hangedman_snap, gammafunk_abyss_rune_reverse_zot,
          bh_abyss_exit_grid
Abyss:4:  minivault_20, evilmike_abyss_exit_12, minivault_5,
          doesnt_abyss_rune_brain_food, evilmike_abyss_exit_5,
          dshaligram_kb_abyss_rune_zappy_water_cross
Pan:      evilmike_mini_pan_layers, nicolae_pan_gloorx_vloqian_4, rand_demon_7,
          gammafunk_dig_for_victory, lemuel_hall_of_pain, pan_blood_fountain,
          nicolae_pan_sigil_uleosi, rand_demon_5, mnoleg, pan_blood_fountain,
          lom_lobon_spiral_st, evilmike_mini_pan_pillars,
          evilmike_mini_pan_layers, grunt_pan_spiral, rand_demon_2,
          uniq_mennas_pan, evilmike_mini_pan_T, evilmike_mini_pan_corner,
          pan_blood_fountain_small, evilmike_mini_pan_possible_glass,
          pan_blood_fountain_2, nicolae_pan_door_chamber, nicolae_pan_hourglass,
          pan_blood_fountain, cerebov, nicolae_pan_hourglass,
          pan_blood_fountain_small, gloorx_vloq_grunt_torture_chamber,
          uniq_mennas_pan, nicolae_pan_double_arrow, nicolae_pan_cerebovesque_4,
          nicolae_pan_sigil_nadil, rand_demon_6, pan_blood_fountain,
          pan_blood_fountain_2
Bazaar:   bazaar_short_row
Ossuary:  ossuary_tomb_1
Bailey:   bailey_axe_bossmonster_kennysheep, bailey
IceCv:    ice_cave_caverns_02

Skill      XL: |  1  2  3  4  5  6  7  8  9 10 11 12 13 14 15 16 17 18 19 20 21 22 23 24 25 26 27 |
---------------+----------------------------------------------------------------------------------+-----
Crossbows      | 1 2 3 4 5 7 9 10 12 13 | 13.0
Armour         | 2 3 4 6 8 9 11 12 13 14 15 16 17 18 22 | 22.0
Fighting       | 3 6 9 11 12 13 15 16 22 | 22.0
Invocations    | 6 8 11 12 | 12.0
Unarmed Combat | 3 6 7 10 14 16 18 20 21 22 | 22.0
Translocations | 4 8 11 | 11.0
Hexes          | 3 8 10 11 | 11.0
Spellcasting   | 4 7 12 | 12.9
Evocations     | 6 11 12 17 | 17.0
Dodging        | 6 8 22 | 22.1
Necromancy     | 9 11 13 | 13.0
Charms         | 4 6 |  6.0
Summonings     | 18 | 18.0
Transmutations | 12 | 12.1
Earth Magic    | 9 |  9.5
Maces & Flails | |  1.7
Stealth        | |  1.0
Poison Magic   | |  2.0

Action                   |  1- 3 |  4- 6 |  7- 9 | 10-12 | 13-15 | 16-18 | 19-21 | 22-24 | 25-27 || total
-------------------------+-------+-------+-------+-------+-------+-------+-------+-------+-------++-------
Melee: Spear             |       |       |    66 |   349 |  1114 |   403 |       |       |       ||  1932
       Punch             |       |       |       |     1 |     4 |    26 |   107 |   121 |   541 ||   800
       Unarmed           |       |       |       |       |       |   371 |  1913 |  1349 |  4524 ||  8157
       Peck              |       |       |       |       |       |       |       |       |   681 ||   681
       Arbalest          |       |       |       |       |       |       |       |       |     1 ||     1
 Fire: Hand crossbow     |    85 |   193 |   305 |   188 |       |       |       |       |       ||   771
       Arbalest          |       |       |       |    51 |    93 |    28 |   159 |   323 |   842 ||  1496
Throw: Tomahawk          |       |       |       |     2 |       |    14 |     4 |       |       ||    20
       Javelin           |       |       |       |       |       |       |     1 |       |       ||     1
 Cast: Blink             |       |       |       |       |       |       |     3 |     3 |    26 ||    32
       Portal Projectile |       |       |       |       |       |       |       |     7 |    28 ||    35
       Apportation       |       |       |       |       |       |       |       |     1 |    24 ||    25
       Regeneration      |       |       |       |       |       |       |       |       |   348 ||   348
       Summon Mana Viper |       |       |       |       |       |       |       |       |     2 ||     2
Invok: Heroism           |       |       |     2 |     6 |     3 |     8 |    14 |    10 |    48 ||    91
       Finesse           |       |       |       |       |       |       |     3 |     2 |    23 ||    28
 Abil: Evoke Flight      |       |       |       |       |       |       |       |       |     6 ||     6
Evoke: Wand              |       |     1 |     1 |     3 |       |       |     3 |       |     7 ||    15
       Phantom mirror    |       |       |       |       |       |       |       |       |     3 ||     3
  Use: Scroll            |     2 |     9 |     8 |     6 |     8 |     8 |    10 |     8 |    29 ||    88
       Potion            |       |       |       |     1 |     1 |     3 |     3 |     1 |    24 ||    33
 Stab: Invisible         |       |       |       |       |       |       |    10 |       |     5 ||    15
       Distracted        |       |       |       |       |       |       |       |     2 |     3 ||     5
  Eat: Chunk             |       |     6 |    13 |    11 |    31 |    23 |    46 |    25 |    67 ||   222
       Ration            |       |       |       |     3 |       |       |     3 |     5 |    14 ||    25
Armor: Robe              |     2 |       |       |       |       |       |       |       |       ||     2
       Ring mail         |    11 |       |       |       |       |       |       |       |       ||    11
       Chain mail        |       |    73 |    53 |       |       |       |       |       |       ||   126
       Plate armour      |       |       |    85 |   290 |  1013 |   519 |  2098 |   733 |  1136 ||  5874
       Crystal plate arm |       |       |       |       |       |       |       |       |  1705 ||  1705
Dodge: Dodged            |    23 |    25 |    49 |    90 |   338 |   350 |  1020 |   331 |  2702 ||  4928
Block: Other             |       |       |    10 |    64 |   239 |    18 |       |       |       ||   331
       Reflection        |       |       |       |     1 |     7 |       |       |       |       ||     8

Table legend:
 A = Spawn XP
 B = Non-spawn XP
 C = Spawn XP percentage of total XP
 D = Spawn monster count
 E = Non-spawn monster count
 F = Spawn count percentage of total count
 G = Total turns spent on level
                    A         B        C        D         E        F      G
               +---------+---------+-------+---------+---------+-------+---------
         Total |  224956 | 2544303 |   8.1 |     312 |    4004 |   7.2 | 91183
               +---------+---------+-------+---------+---------+-------+---------
           D:1 |       0 |      36 |   0.0 |       0 |      22 |   0.0 |   826
           D:2 |       0 |     167 |   0.0 |       0 |      21 |   0.0 |   512
           D:3 |       0 |      65 |   0.0 |       0 |      22 |   0.0 |   883
           D:4 |       0 |     342 |   0.0 |       0 |      27 |   0.0 |   864
           D:5 |       0 |     579 |   0.0 |       0 |      19 |   0.0 |   854
           D:6 |       0 |     899 |   0.0 |       0 |      15 |   0.0 |   942
           D:7 |       0 |    2986 |   0.0 |       0 |      43 |   0.0 |  1869
           D:8 |       0 |    4032 |   0.0 |       0 |      44 |   0.0 |  1594
           D:9 |       0 |    3599 |   0.0 |       0 |      38 |   0.0 |  1210
          D:10 |       0 |    2649 |   0.0 |       0 |      51 |   0.0 |  1300
          D:11 |       0 |    4783 |   0.0 |       0 |      44 |   0.0 |  1155
          D:12 |       0 |    6008 |   0.0 |       0 |      25 |   0.0 |  1295
          D:13 |       0 |   19448 |   0.0 |       0 |      61 |   0.0 |  1868
          D:14 |       0 |    2223 |   0.0 |       0 |       8 |   0.0 |   916
          D:15 |       0 |   27848 |   0.0 |       0 |      71 |   0.0 |  1710
        Lair:1 |       0 |    7656 |   0.0 |       0 |      43 |   0.0 |  2986
        Lair:2 |       0 |    6871 |   0.0 |       0 |      30 |   0.0 |  1595
        Lair:3 |       0 |    8943 |   0.0 |       0 |      28 |   0.0 |  1408
        Lair:4 |       0 |    8209 |   0.0 |       0 |      27 |   0.0 |  1421
        Lair:5 |       0 |   15167 |   0.0 |       0 |      42 |   0.0 |  1651
        Lair:6 |       0 |   32013 |   0.0 |       0 |     122 |   0.0 |  2690
      Shoals:1 |       0 |   17808 |   0.0 |       0 |      36 |   0.0 |  1241
      Shoals:2 |       0 |   34873 |   0.0 |       0 |      66 |   0.0 |  2457
      Shoals:3 |       0 |   28133 |   0.0 |       0 |      49 |   0.0 |  2240
      Shoals:4 |       0 |   31516 |   0.0 |       0 |      54 |   0.0 |  1256
      Spider:1 |       0 |   21779 |   0.0 |       0 |      68 |   0.0 |  1142
      Spider:2 |       0 |   16278 |   0.0 |       0 |      44 |   0.0 |  1002
      Spider:3 |       0 |   25431 |   0.0 |       0 |      67 |   0.0 |  1510
      Spider:4 |       0 |   42620 |   0.0 |       0 |      84 |   0.0 |  1730
       Slime:1 |       0 |   11809 |   0.0 |       0 |      18 |   0.0 |    79
       Slime:2 |       0 |    5058 |   0.0 |       0 |      10 |   0.0 |    70
       Slime:3 |       0 |    4852 |   0.0 |       0 |      11 |   0.0 |   104
       Slime:4 |       0 |   19770 |   0.0 |       0 |      14 |   0.0 |   291
       Slime:5 |       0 |   45766 |   0.0 |       0 |      50 |   0.0 |   600
         Orc:1 |       0 |    4252 |   0.0 |       0 |      44 |   0.0 |   828
         Orc:2 |       0 |   11583 |   0.0 |       0 |      77 |   0.0 |  2044
         Elf:1 |       0 |   19148 |   0.0 |       0 |      31 |   0.0 |   979
         Elf:2 |       0 |   44853 |   0.0 |       0 |      54 |   0.0 |  1044
         Elf:3 |       0 |   59382 |   0.0 |       0 |      54 |   0.0 |  1097
      Vaults:1 |       0 |   57858 |   0.0 |       0 |      98 |   0.0 |  2504
      Vaults:2 |       0 |  101824 |   0.0 |       0 |     116 |   0.0 |  3335
      Vaults:3 |       0 |   74804 |   0.0 |       0 |     102 |   0.0 |  1947
      Vaults:4 |       0 |   76483 |   0.0 |       0 |      93 |   0.0 |  1517
      Vaults:5 |       0 |  159976 |   0.0 |       0 |     128 |   0.0 |  1529
       Crypt:1 |       0 |   29869 |   0.0 |       0 |      53 |   0.0 |  1173
       Crypt:2 |       0 |   23947 |   0.0 |       0 |      36 |   0.0 |   725
       Crypt:3 |       0 |   74257 |   0.0 |       0 |      81 |   0.0 |  2275
      Depths:1 |       0 |   72540 |   0.0 |       0 |     100 |   0.0 |  1741
      Depths:2 |       0 |   90747 |   0.0 |       0 |      76 |   0.0 |  1904
      Depths:3 |    2298 |   87471 |   2.6 |       1 |      70 |   1.4 |  1570
      Depths:4 |       0 |   95489 |   0.0 |       0 |      77 |   0.0 |  1510
      Depths:5 |       0 |   43299 |   0.0 |       0 |      39 |   0.0 |   898
          Hell |       0 |   48123 |   0.0 |       0 |      71 |   0.0 |   897
         Dis:1 |       0 |   16996 |   0.0 |       0 |      32 |   0.0 |   263
         Dis:2 |       0 |   17668 |   0.0 |       0 |      19 |   0.0 |   197
         Dis:3 |       0 |   20454 |   0.0 |       0 |      28 |   0.0 |   218
         Dis:4 |       0 |   19256 |   0.0 |       0 |      25 |   0.0 |   190
         Dis:5 |       0 |   14308 |   0.0 |       0 |      31 |   0.0 |   128
         Coc:1 |       0 |   15396 |   0.0 |       0 |      27 |   0.0 |   331
         Coc:2 |       0 |   29592 |   0.0 |       0 |      58 |   0.0 |   364
         Coc:3 |       0 |   45913 |   0.0 |       0 |     102 |   0.0 |   544
         Coc:4 |       0 |   46099 |   0.0 |       0 |      39 |   0.0 |   275
         Coc:5 |       0 |   13879 |   0.0 |       0 |      22 |   0.0 |   204
         Coc:6 |       0 |   14278 |   0.0 |       0 |      30 |   0.0 |   163
         Coc:7 |       0 |  116773 |   0.0 |       0 |     141 |   0.0 |  1299
       Abyss:1 |   38800 |   28759 |  57.4 |      32 |      36 |  47.1 |   807
       Abyss:2 |   19643 |   16092 |  55.0 |      32 |      39 |  45.1 |  1303
       Abyss:3 |   24356 |   15871 |  60.5 |      41 |      51 |  44.6 |   719
       Abyss:4 |   61962 |   44901 |  58.0 |     103 |      89 |  53.6 |  1028
           Pan |   77897 |  416769 |  15.7 |     103 |     344 |  23.0 |  7952
       Ossuary |       0 |     214 |   0.0 |       0 |      38 |   0.0 |   351
        Bailey |       0 |    2609 |   0.0 |       0 |      27 |   0.0 |   405
         IceCv |       0 |   12355 |   0.0 |       0 |      52 |   0.0 |  1272
               +---------+---------+-------+---------+---------+-------+---------

Table legend:
 A = Turns spent in this place as a percentage of turns spent in the entire game.
 B = Non-inter-level travel turns spent in this place as a percentage of non-inter-level travel turns spent in the entire game.
 C = Inter-level travel turns spent in this place as a percentage of turns spent in this place.
 D = Turns resting spent in this place as a percentage of non-inter-level travel turns spent in this place.
 E = Turns spent auto-exploring this place as a percentage of non-inter-level travel turns spent in this place.
 F = Non-inter-level travel turns spent in this place divided by the number of levels of this place that you've seen.
                   A       B       C       D       E      F
               +-------+-------+-------+-------+-------+----------------------
         Total | 100.0 | 100.0 |   7.5 |  23.2 |  27.6 | 834.8
       Dungeon |  19.5 |  17.9 |  15.1 |  19.3 |  41.0 | 1007.4
        Temple |   0.2 |   0.2 |  10.8 |   0.0 |  98.9 | 181.0
          Lair |  12.9 |  12.5 |  10.5 |  40.4 |  28.2 | 1752.8
        Shoals |   7.9 |   8.3 |   2.7 |  43.5 |  20.5 | 1749.8
   Spider Nest |   5.9 |   6.0 |   5.3 |  37.1 |  20.5 | 1274.5
    Slime Pits |   1.3 |   1.3 |   3.1 |  25.6 |   0.0 | 221.6
  Orcish Mines |   3.1 |   3.1 |   8.1 |  27.5 |  16.6 | 1319.5
   Elven Halls |   3.4 |   3.4 |   8.5 |  13.2 |  41.2 | 951.3
        Vaults |  11.9 |  11.8 |   8.2 |  22.2 |  31.1 | 1988.2
         Crypt |   4.6 |   4.5 |   8.6 |  18.3 |  36.4 | 1272.0
        Depths |   8.4 |   8.4 |   6.8 |  14.0 |  38.2 | 1420.2
          Hell |   1.0 |   1.0 |   9.9 |  19.1 |  29.6 | 808.0
           Dis |   1.1 |   1.2 |   0.0 |  10.4 |  11.6 | 199.2
       Cocytus |   3.5 |   3.7 |   1.7 |   6.1 |   6.5 | 446.6
         Abyss |   4.2 |   4.6 |   0.0 |   2.4 |  16.9 | 385.7
   Pandemonium |   8.7 |   9.4 |   0.0 |  13.9 |  17.1 | 378.7
        Bazaar |   0.2 |   0.2 |   0.0 |   0.0 |   0.0 | 179.0
       Ossuary |   0.4 |   0.4 |   0.0 |   1.1 |   0.0 | 351.0
        Bailey |   0.4 |   0.5 |   0.0 |   0.0 |   4.2 | 405.0
      Ice Cave |   1.4 |   1.5 |   0.0 |  37.8 |   8.5 | 1272.0
               +-------+-------+-------+-------+-------+----------------------

Vault maps used:
D:1:      dpeg_arrival_rhombus, minmay_pentomino_z2
D:2:      serial_glass, glass_columns_a, glass_columns_a,
          minmay_misc_feat_plants, uniq_terence, uniq_natasha
D:3:      minmay_roachtagon, kennysheep_slug_shrine, old_standard_altar,
          marbit_many_paths, fedhas_altar_fruit_tree, ebering_ghost_rock_garden,
          nicolae_ru_the_path_less_chosen
D:4:      kennysheep_slugbush, grunt_temple_overflow_open,
          minmay_temple_entry_nine_rooms, lightli_ossuary_entry_decrepit_ruins,
          patterned_corridor
D:5:      nicolae_overflow_crystal_walls, first_ration,
          eino_small_chamber_without_monster
D:7:      uniq_joseph
D:8:      overflow_temple_1_default, minmay_lair_entry_grove, basic_altar,
          minmay_ruined_shrine
D:9:      gammafunk_steamed_eel, nicolae_qazlal_style_of_elements, david_orc_2,
          kennysheep_generic_room_14, uniq_grum
D:10:     serial_shops, nicolae_shop_behind_doors
D:11:     special_room, portal_ice_cave_entry_pillars_2, hangedman_stone_soup
D:12:     minmay_item_behind_shaft, centaur_isle, uniq_kirke
D:13:     lightli_vaults_fourway_checkpoint, enter_bailey_3, uniq_azrael
D:14:     serial_shops, shop
D:15:     grunt_enter_depths_magical_seal,
          nicolae_gozag_cash_rules_everything_around_me, evilmike_butchery
Temple:   minmay_temple_bridge_abc
Lair:1:   special_room, disabler_island, uniq_sonja
Lair:2:   eino_house_with_fridge, serial_bayou_shore_b, serial_bayou_shore_b,
          minmay_lair_oklob_chamber
Lair:3:   nicolae_spider_entry_orb_guardian
Lair:4:   elwin_shoals_entry_rooms, serial_bayou_pond_e, grunt_megastairs_2
Lair:6:   hangedman_lair_in_review, hangedman_lair_caniforms_friends,
          nicolae_slime_entry_slimehenge
Shoals:1: serial_shops, nicolae_shop_waterfront
Shoals:2: ebering_ghost_gozag
Shoals:3: cheibrodos_shoals_baths
Shoals:4: shoals_end_grunt_ice, uniq_polyphemus
Spider:1: nicolae_spider_mines_3
Spider:2: nicolae_spider_webbed_stairs
Spider:3: spider_trap, uniq_asterion
Spider:4: spider_rune_water, spider_trap, worms_lemuel, uniq_donald, uniq_nikola
Slime:2:  cheibrodos_slime_lost_civilization_1
Orc:1:    basic_altar, uniq_harold
Orc:2:    kennysheep_orc_mage_school, nicolae_orc_crystal_geode
Elf:1:    minmay_elf_arrival_summoners, hangedman_corner_corridor,
          minmay_misc_feat_diagonals
Elf:2:    minivault_14, spider_trap, uniq_agnes, uniq_jorgrun
Elf:3:    minmay_elf_hall_x
Vaults:1: nicolae_vaults_hallways_thing, vaults_room_glass_cross,
          hangedman_vaults_stitches, v_misc_8, vaults_room_grid,
          vaults_mumra_minichess_inversion, vaults_dpeg_spiral,
          ontoclasm_vaults_chip
Vaults:2: advil_vaults_ghost_guards, st_greater_box_5, v_rooms_4,
          minmay_crypt_entry_simple_sparse, ontoclasm_vaults_twist,
          grunt_vaults_funnel, v_pattern_4, nicolae_vaults_network_periphery,
          grunt_vaults_twisty, nicolae_vaults_little_squares_5
Vaults:3: nicolae_vaults_stairing_the_circle, nicolae_vaults_puzzle_piece,
          vaults_room_pool, vaults_room_stairs_pillars, vaults_room_pools,
          v_rooms_2, vaults_room_corners, v_pattern_5, hangedman_vaults_slice,
          kennysheep_vaults_gozag_temple, grunt_vaults_hallway_long,
          grunt_vaults_hallway_short, serial_shops, shop_statue
Vaults:4: v_misc_22, ontoclasm_vaults_spin, nicolae_vaults_little_squares_5,
          v_misc_14, vaults_room_ringed_pool, vaults_room_large_hall,
          v_alt_pattern_2, ontoclasm_vaults_chip, serial_shops, shop,
          shop_statue, uniq_mara
Vaults:5: uniq_bai_suzhen, uniq_sojobo
Crypt:1:  lemuel_mausoleum_altar_kikubaaqudgha
Crypt:3:  quadcrypt_mu
Depths:1: serial_shops, nicolae_shop_behind_doors, shop_fountains,
          kennysheep_little_box, shop, hangedman_coc_ice_floe, minmay_holes,
          rand_demon_pan_entry_4, hex_tiny, grunt_tower_of_power
Depths:2: minmay_the_grid_four_pointed_star, minmay_misc_feat_five, hell_entry,
          rand_demon_pan_entry_5, minmay_staircase_statues
Depths:3: minmay_four_inscribed_fans, nicolae_abyss_entry_one_way_or_another,
          minmay_door_square, special_room, pan_entry, hangedman_geh_valley
Depths:4: minmay_sliced_demisemicircle, minmay_hedge_maze,
          grunt_hell_entry_dis_mu, serial_shops, bzr_entry_lakeside, shop, shop,
          shop_statue, abyss_entry_crystal, nicolae_trove_entry_diagonal,
          biasface_ghost_demon_polymorph, kilobyte_rumbling_trees,
          minmay_staircase_bubble, uniq_frederick
Depths:5: grunt_zot_entry_hairpin, enter_ziggurat_a, hell_entry,
          hangedman_decor_growths, serial_shops, shop_fountains,
          nicolae_two_hexagons, minivault_11
Dis:1:    hangedman_dis_decor_blocks_crown, door_vault
Coc:3:    serial_ice, serial_ice_k, serial_ice_g, serial_ice_d, serial_ice_b
Coc:7:    coc_mu
Abyss:2:  minivault_22, hangedman_abyss_mock_shop
Abyss:3:  serial_sigils_hangedman_snap, gammafunk_abyss_rune_reverse_zot,
          bh_abyss_exit_grid
Abyss:4:  minivault_20, evilmike_abyss_exit_12, minivault_5,
          doesnt_abyss_rune_brain_food, evilmike_abyss_exit_5,
          dshaligram_kb_abyss_rune_zappy_water_cross
Pan:      evilmike_mini_pan_layers, nicolae_pan_gloorx_vloqian_4, rand_demon_7,
          gammafunk_dig_for_victory, lemuel_hall_of_pain, pan_blood_fountain,
          nicolae_pan_sigil_uleosi, rand_demon_5, mnoleg, pan_blood_fountain,
          lom_lobon_spiral_st, evilmike_mini_pan_pillars,
          evilmike_mini_pan_layers, grunt_pan_spiral, rand_demon_2,
          uniq_mennas_pan, evilmike_mini_pan_T, evilmike_mini_pan_corner,
          pan_blood_fountain_small, evilmike_mini_pan_possible_glass,
          pan_blood_fountain_2, nicolae_pan_door_chamber, nicolae_pan_hourglass,
          pan_blood_fountain, cerebov, nicolae_pan_hourglass,
          pan_blood_fountain_small, gloorx_vloq_grunt_torture_chamber,
          uniq_mennas_pan, nicolae_pan_double_arrow, nicolae_pan_cerebovesque_4,
          nicolae_pan_sigil_nadil, rand_demon_6, pan_blood_fountain,
          pan_blood_fountain_2
Bazaar:   bazaar_short_row
Ossuary:  ossuary_tomb_1
Bailey:   bailey_axe_bossmonster_kennysheep, bailey
IceCv:    ice_cave_caverns_02
